Cogmind - Beta 15 @@@ ROGUE MODE // 2025.05.17 @ 18:08:02 Player: VT-MNC Result: Defending 0bPrime! Performance ------------- Evolutions (8) 4000 Regions Visited (24) 4800 Robots Destroyed (477) 2385 Value Destroyed (30034) 30034 Prototype IDs (156) 3120 Alien Tech Used (7) 1400 Bonus (38125) 38125 TOTAL SCORE: 83864 Bonus ------- High Alert Combat Kills 13945 Follower Combat Kills 2093 Network Hubs Disabled 400 Registered with UFD 300 Met Optimus in HQ 500 Met Data Miner 300 Built Enhanced Grunts 300 Met R17 at Cetus 500 Found Hidden Lab 3000 Met R17 at Research 2000 Met Optimus at Protoforge 1000 Completed Drillbomb Mission10000 Optimus Survived to 0b1 3000 Win 3000 Friendly Fire -2213 Cogmind --------- Core Integrity 1025/1450 Matter 300/300 Energy 460/460 System Corruption 31% Temperature Cool (0) Movement Hovering (36) Location 0bPrime Parts ------- > --- POWER (3) -------- Concept Zero-point Core Concept Zero-point Core Concept Zero-point Core > --- PROPULSION (7) --- Experimental Antigrav System Experimental Antigrav System Experimental Antigrav System Gravjet Array Concept Combat Aerolev Unit Concept Gyrokinetic System > --- UTILITY (11) ----- Concept Antigrav Storage Unit Advanced Quantum Shading Machine Experimental Targeting Computer Concept Networked Targeting System Experimental Core Analyzer Experimental Kinecellerator Experimental Reaction Control System Concept Phase Shift Module Experimental Weapon Shielding Advanced Powered Armor (fused) AEGIS Remote Shield > --- WEAPON (4) ------- Concept XC Strikerail Concept XC Strikerail Concept XC Strikerail Concept Rapid Grenade Launcher > --- INVENTORY (25) --- Concept Chromion Battery (800) Concept Chromion Battery (800) Advanced Kinecellerator Advanced Kinecellerator Experimental Reaction Control System Concept Phase Shift Module Experimental Weapon Shielding Centrium Light Armor Plating Concept Antimissile System Concept Matter Streamer Warp Cannon Hypervelocity Multirail Hypervelocity Multirail Concept XC Strikerail Portable AFG (80) Peak State ------------ > --- POWER ------------ Concept Zero-point Core Concept Zero-point Core Concept Zero-point Core > --- PROPULSION ------- Experimental Antigrav System Experimental Antigrav System Experimental Antigrav System Gravjet Array Concept Combat Aerolev Unit Concept Gyrokinetic System > --- UTILITY ---------- Concept Antigrav Storage Unit Advanced Quantum Shading Machine Experimental Targeting Computer Concept Networked Targeting System Experimental Core Analyzer Experimental Kinecellerator Experimental Reaction Control System Concept Phase Shift Module Advanced Powered Armor AEGIS Remote Shield Concept Matter Streamer > --- WEAPON ----------- Concept XC Strikerail Concept XC Strikerail Concept XC Strikerail Concept Rapid Grenade Launcher > --- INVENTORY -------- Experimental Antimatter Reactor Experimental Antigrav System Concept Chromion Battery Concept Chromion Battery Concept Weapon Articulator Improved Weapon Cycler Experimental Reaction Control System Concept Phase Shift Module Centrium Light Armor Plating Concept Antimissile System Warp Cannon Hypervelocity Multirail Hypervelocity Multirail Concept XC Strikerail Portable AFG UFD Drillbomb [Rating: 301] Favorites ----------- Power Heavy Ion Engine Engine Heavy Ion Engine Power Core Concept Zero-point Core Reactor Cooled Antimatter Reactor Propulsion Light Treads Treads Light Treads Leg Enhanced Multireflex Exoskeleton Wheel Overtuned Huge Scrapsphere Hover Unit Experimental Antigrav System Utility Huge Storage Unit Device Seismic Detector Storage Huge Storage Unit Processor Advanced Signal Interpreter Hackware Experimental Hacking Suite Protection Enhanced Scrap Shield Artifact Phase Redirector Weapon Subdweller Beam Cannon Energy Gun Heavy Quantum Rifle Energy Cannon Subdweller Beam Cannon Ballistic Gun Concept XC Strikerail Ballistic Cannon Heavy Mass Driver Launcher Mini Smartbomb Launcher Special Weapon Multitool Impact Weapon Flail Slashing Weapon Centrium Greatsword Build | -11 -10 -10 -8 -8 -6 -6 -6 -6 -5 -5 -5 -5 -5 -5 -5 -5 -4 -4 -4 -3 -3 -2 -2 -2 ------- Run | Yrd Mat Sub Rec Scr Fac Low Low Dat Pro Fac Was Fac Ext Cet Arc Hub Fac Arm Lab Res Tes Res Qua Frg Slots Evolved 16 | . . . . . 8 . . . . 2 . . . . . . 2 . . 2 . 2 . . Power 2 | . . . . . . . . . . . . . . . . . . . . . . 2 . . Propulsion 5 | . . . . . 1 . . . . . . . . . . . 2 . . 2 . . . . Utility 8 | . . . . . 6 . . . . 2 . . . . . . . . . . . . . . Weapon 1 | . . . . . 1 . . . . . . . . . . . . . . . . . . . Parts Attached 262 | 2 21 15 2 4 21 2 3 . . 13 9 9 10 11 6 3 3 11 3 12 18 7 13 64 Power 23 | . 4 . 1 . 1 . . . . 1 1 1 . 2 . . . . . 1 1 2 2 6 Engine 6 | . 4 . 1 . . . . . . 1 . . . . . . . . . . . . . . Core 6 | . . . . . 1 . . . . . . 1 . . . . . . . . . . . 4 Reactor 11 | . . . . . . . . . . . 1 . . 2 . . . . . 1 1 2 2 2 Propulsion 48 | . 6 3 . 1 5 . . . . 2 4 3 . 1 . . 2 2 . 4 4 1 1 9 Treads 14 | . 2 2 . 1 4 . . . . 1 1 . . 1 . . . 2 . . . . . . Leg 10 | . 3 . . . . . . . . . . . . . . . . . . . 4 1 1 1 Wheel 5 | . 1 1 . . 1 . . . . 1 . 1 . . . . . . . . . . . . Hover 19 | . . . . . . . . . . . 3 2 . . . . 2 . . 4 . . . 8 Flight . | . . . . . . . . . . . . . . . . . . . . . . . . . Utility 107 | 1 5 1 1 1 7 1 1 . . 6 3 3 2 3 6 3 1 2 1 5 6 4 7 37 Device 70 | 1 2 1 1 1 3 . 1 . . 3 2 3 1 1 6 3 1 1 1 3 3 3 4 25 Storage 7 | . 1 . . . . . . . . . . . 1 1 . . . . . 1 . . 1 2 Processor 9 | . . . . . 2 . . . . 3 . . . . . . . 1 . . . 1 . 2 Hackware 3 | . . . . . . . . . . . . . . . . . . . . 1 1 . 1 . Protection 17 | . 2 . . . 2 1 . . . . 1 . . 1 . . . . . . 2 . . 8 Artifact 1 | . . . . . . . . . . . . . . . . . . . . . . . 1 . Weapon 84 | 1 6 11 . 2 8 1 2 . . 4 1 2 8 5 . . . 7 2 2 7 . 3 12 Energy Gun 11 | 1 3 . . . 2 . . . . . . . 1 . . . . 1 . . 2 . 1 . Energy Cannon 26 | . 1 5 . . 2 . . . . 2 . 1 3 1 . . . 3 2 1 2 . 1 2 Ballistic Gun 17 | . 1 1 . 2 . . 1 . . 1 . . . 4 . . . . . . 1 . . 6 Ballistic Cannon 10 | . . 1 . . 2 . 1 . . . 1 . 2 . . . . 1 . . 1 . . 1 Launcher 8 | . . 2 . . . 1 . . . . . . 1 . . . . 2 . 1 . . . 1 Special Weapon 4 | . . 2 . . . . . . . . . 1 1 . . . . . . . . . . . Impact Weapon 4 | . 1 . . . 1 . . . . 1 . . . . . . . . . . . . 1 . Slashing Weapon 4 | . . . . . 1 . . . . . . . . . . . . . . . 1 . . 2 Piercing Weapon . | . . . . . . . . . . . . . . . . . . . . . . . . . Special Melee Weapon . | . . . . . . . . . . . . . . . . . . . . . . . . . Unidentified Prototypes 77 | . 1 . . . 3 1 1 . . . . 1 3 6 . 3 . 3 5 1 13 . 9 27 Corrupted Parts 7 | . . . . . 1 . . . . . . . . 6 . . . . . . . . . . System Corruption 43 | . . . . . 5 . . . . . . . . 38 . . . . . . . . . . Parts Lost 6 | . 1 1 . . . . . . . . . . . . . . 1 . . . . 1 . 2 Power . | . . . . . . . . . . . . . . . . . . . . . . . . . Propulsion 1 | . . 1 . . . . . . . . . . . . . . . . . . . . . . Utility 3 | . . . . . . . . . . . . . . . . . . . . . . 1 . 2 Weapon 2 | . 1 . . . . . . . . . . . . . . . 1 . . . . . . . Highest Loss Streak 1 | . 1 1 . . . . . . . . . . . . . . 1 . . . . 1 . 1 To Critical Strikes . | . . . . . . . . . . . . . . . . . . . . . . . . . Average Backups 21 | 6 21 24 24 22 23 23 22 23 23 22 20 20 20 19 18 20 21 20 18 21 16 15 18 19 Power . | 1 2 1 . . . . . . . . . . . . . . . . . . . . . . Propulsion 5 | 4 6 8 9 7 4 4 4 4 4 3 3 3 4 4 4 4 3 4 4 2 1 1 1 . Utility 9 | . 7 8 8 8 9 11 11 11 11 10 11 11 10 9 11 13 15 11 10 11 6 5 6 11 Weapon 5 | 1 5 5 5 5 5 5 4 5 5 5 3 3 4 4 2 2 2 2 2 6 8 7 6 5 Tool/Special . | . . . . . . . . . . . . . . . . . . . . . . . . . Unused Backups 77 | . 12 8 1 6 5 . . . . 7 4 . 1 4 1 . . 2 2 . 5 1 2 16 Power 3 | . 2 . . . . . . . . . . . . . . . . . . . . . 1 . Propulsion 11 | . 2 . . 2 . . . . . 2 1 . . . . . . . . . 1 1 . 2 Utility 37 | . 6 5 . 2 1 . . . . 1 2 . . 3 1 . . 2 . . 4 . . 10 Weapon 21 | . 2 3 1 2 4 . . . . 4 . . 1 1 . . . . 1 . . . . 2 Tool/Special 5 | . . . . . . . . . . . 1 . . . . . . . 1 . . . 1 2 Average Slot Usage (%) 89 | . 99 99 100 95 88 80 80 81 81 73 76 76 72 74 80 75 75 80 79 80 85 80 83 89 Engine 7 | . 13 14 14 13 . . . . . 1 4 4 4 4 4 4 4 4 4 4 3 . . . Core 1 | . . . . . 5 6 6 6 6 4 2 . . . . . . . . . . . . 7 Reactor 2 | . . . . . . . . . . . 1 3 4 4 4 4 4 3 4 4 4 8 11 4 Treads 13 | . 22 20 27 27 17 6 6 6 6 4 2 2 4 4 4 4 4 8 8 7 . . . . Leg 2 | . 2 . . . . . . . . . . . . . . . . . . . 8 15 16 9 Wheel 2 | . 3 7 . . 1 6 6 6 6 4 3 4 4 4 4 4 4 . . . . . . . Hover 2 | . . . . . . . . . . . 1 . . . . . 4 3 4 9 9 . . 9 Device 15 | . 11 13 14 13 21 20 18 18 18 13 12 13 13 12 12 10 12 17 16 17 20 19 19 22 Storage 8 | . 14 14 14 13 6 6 6 6 6 4 4 4 4 4 4 4 4 4 4 4 4 3 4 4 Processor 7 | . . . . . 11 6 6 6 6 17 18 18 18 18 18 14 12 16 17 16 16 12 12 9 Protection 2 | . 2 . . . 3 6 6 6 6 4 3 4 4 4 4 5 8 5 4 4 4 3 4 5 Energy Gun 1 | . 6 . . . 2 . . . . . . . . . . . . . . . 2 3 4 . Energy Cannon 10 | . 8 22 28 19 1 6 6 6 6 7 4 8 6 5 . . 4 6 8 4 1 . . . Ballistic Gun 5 | . 11 2 . 6 8 6 6 6 6 7 7 . . 5 18 16 4 . . . 2 3 2 10 Ballistic Cannon 1 | . . . . . 2 . 4 6 6 1 5 6 5 3 . . 3 4 4 4 2 . . . Launcher 1 | . . 1 . . . 5 6 6 6 . . . . . 4 4 4 1 . 1 . . . . Peak Build Rating 301 | 8 14 19 19 24 65 70 75 75 75 105 120 136 139 161 156 164 180 173 184 193 214 219 232 301 Average Rating 100 | 6 12 16 18 18 53 69 73 75 75 98 110 126 135 146 152 157 171 167 164 185 200 210 212 267 On Entrance 110 | 6 8 13 17 19 24 62 70 75 75 75 103 118 135 139 156 151 164 169 168 179 181 211 215 219 Naked Turns 57 | . . . . 57 . . . . . . . . . . . . . . . . . . . . Heaviest Build 184 | 11 96 105 111 111 123 132 135 135 135 147 163 163 175 170 148 178 168 165 175 175 112 165 184 178 Greatest Support 203 | 20 40 40 40 40 60 28 28 28 28 28 90 28 70 80 80 20 80 166 166 166 178 178 178 203 Greatest Overweight (x) 10 | . 9 10 5 5 4 4 4 4 4 5 5 8 8 8 7 8 8 8 1 1 1 . 1 8 Average Overweight (x) 2 | . 3 4 2 1 1 4 4 4 4 4 4 7 7 6 1 7 7 . . . . . . . Largest Inventory Capacity 25 | 8 25 25 25 25 25 25 25 25 25 25 25 25 25 25 25 25 25 25 25 25 20 20 25 25 Average Capacity 24 | 8 23 25 25 24 25 25 25 25 25 25 25 25 25 25 25 25 25 25 25 24 20 20 22 25 Most Carried 25 | 8 25 25 25 25 25 25 25 25 25 25 25 25 25 25 25 25 25 25 25 25 20 20 25 25 Average Carried 23 | 6 21 24 24 23 24 25 24 25 25 23 24 24 24 24 24 24 24 24 21 24 19 19 21 22 Final Capacity 25 | 8 25 25 25 25 25 25 25 25 25 25 25 25 25 25 25 25 25 25 25 20 20 20 25 25 Final Carried 25 | 8 25 25 25 25 25 25 25 25 25 23 25 24 25 25 25 25 25 25 25 20 20 19 25 15 Class Distribution -------------------- 45% | Mutant 11% | Gunner 8% | Scavenger-Skirmisher 7% | Scavenger-Gunner 6% | Scavenger-Tank 4% | Skirmisher 3% | Hacker-Gladiator 3% | Scavenger-Gladiator Dominant Class ---------------- Mutant | -10/Materials Mutant | -10/Subcaves Mutant | -8/Recycling Mutant | -8/Scraptown Mutant | -6/Factory Gunner | -6/Lower Caves Gunner | -6/Lower Caves Gunner | -6/Data Miner Gunner | -5/Proximity Caves Skirmisher | -5/Factory Gunner | -5/Waste Gunner | -5/Factory Tank | -5/Extension Gunner | -5/Cetus Scavenger-Tank | -5/Archives Scavenger-Tank | -5/Hub_04(d) Scavenger-Skirmisher | -4/Factory Scavenger-Skirmisher | -4/Armory Scavenger-Skirmisher | -4/Lab Scavenger-Skirmisher | -3/Research Scavenger-Scout | -3/Testing Hacker-Gladiator | -2/Research Gladiator | -2/Quarantine Scavenger-Gunner | -2/Protoforge Resources | -11 -10 -10 -8 -8 -6 -6 -6 -6 -5 -5 -5 -5 -5 -5 -5 -5 -4 -4 -4 -3 -3 -2 -2 -2 ----------- Run | Yrd Mat Sub Rec Scr Fac Low Low Dat Pro Fac Was Fac Ext Cet Arc Hub Fac Arm Lab Res Tes Res Qua Frg Matter Collected 17302 | 229 474 597 196 30 909 63 90 . 45 331 376 224 1112 223 555 581 748 1176 . 382 653 435 523 7350 Remotely 3473 | . . . . . . . . . . . . . 611 . 517 515 . 503 . . . . . 1327 Salvage Created 25610 | 118 984 562 307 . 1064 162 . . 64 412 250 192 974 647 560 930 1079 1023 . 341 762 953 1016 13210 Parts 1246 | 8 48 40 7 . 57 5 . . 6 22 . 8 37 40 30 57 41 50 . 12 53 42 36 647 Haulers Intercepted 5 | . 2 . . . 2 . . . . . . . . . . . . . . . 1 . . . Recyclers Shooed 7 | 1 1 . 1 . 1 . . . . 1 . . . . . . . . . . 2 . . . Parts Field Recycled . | . . . . . . . . . . . . . . . . . . . . . . . . . Retrieved Matter . | . . . . . . . . . . . . . . . . . . . . . . . . . Parts Self-Destructed 14 | . . 8 . . . . 3 . 3 . . . . . . . . . . . . . . . Prevented . | . . . . . . . . . . . . . . . . . . . . . . . . . Kills | -11 -10 -10 -8 -8 -6 -6 -6 -6 -5 -5 -5 -5 -5 -5 -5 -5 -4 -4 -4 -3 -3 -2 -2 -2 ------- Run | Yrd Mat Sub Rec Scr Fac Low Low Dat Pro Fac Was Fac Ext Cet Arc Hub Fac Arm Lab Res Tes Res Qua Frg Combat Hostiles Destroyed 371 | . 14 14 1 . 17 3 . . 4 4 . 2 22 6 3 13 20 29 . . 5 11 8 195 Melee 3 | . 1 . . . . . . . . . . . . . . . . 1 . . 1 . . . Guns 218 | . 8 1 . . 11 . . . . . . . . . 3 13 1 . . . 1 11 7 162 Cannons 75 | . 4 8 1 . 6 . . . 1 3 . 2 17 . . . 8 14 . . 3 . . 8 AOE 63 | . . 5 . . . 3 . . 3 . . . 4 . . . 11 13 . . . . . 24 Classes Destroyed 34 | 2 7 4 1 . 3 . . . . . . 1 1 . . 1 . 6 . . 1 . 1 6 Worker 27 | . 8 . . . . . . . . 2 . . . . . 7 3 . . 3 3 1 . . Builder 9 | . 1 . . . . . . . . . . . 1 . . 1 2 . . . 3 . . 1 Tunneler 4 | 1 . . . . 1 . . . . 1 . . 1 . . . . . . . . . . . Hauler 6 | . 2 . . . 2 . . . . . . . . . . . . . . . 1 . . 1 Recycler 11 | 1 1 . 3 . . . . . . . . . . . . . 3 . . 2 1 . . . Carrier 2 | . . . . . . . . . . . . . . . . . . . . . . . . 2 Mechanic 7 | . . . . . 1 . . . . . . . . . . . . . . . . . . 6 Operator 16 | . 2 . . . 1 . . . . . . . 2 . 9 . . . . . . . 2 . Drone 11 | . . . . . . . . . . . . . . . . . . . . . . . . 11 Turret 1 | . . 1 . . . . . . . . . . . . . . . . . . . . . . Watcher 10 | . 2 . . . . . . . . 2 . . . 2 . . . . . . . 1 . 3 Swarmer 58 | . 3 3 . . 3 3 . . 4 . . . 5 . . 3 12 6 . . . . . 16 Cutter 2 | . . . . . . . . . . . . . . . . . . 2 . . . . . . Saboteur 4 | . . . . . . . . . . . . . . . . . . 2 . . . . . 2 Grunt 69 | . 11 . . . 8 . . . . . . . 9 . . . 2 10 . . . . . 29 Brawler 5 | . . . . . . . . . . . . . . . . . . 1 . . . . . 4 Duelist 13 | . . . . . . . . . . . . . . . . . . 1 . . . . . 12 Protector 5 | . . . . . . . . . . . . . . . . 2 . 1 . . . . . 2 Researcher 7 | . . . . . . . . . . . . . . . . . . . . . 2 . . 5 Sentry 34 | . . . 1 . 1 . . . . 2 . . 4 . 3 . 3 1 . . . 3 . 16 Specialist 5 | . . . . . . . . . . . . . . . . . . 2 . . . . . 3 Hunter 27 | . . . . . 1 . . . . . . 1 1 . . 1 . . . . . 5 2 16 Programmer 53 | . . . . . 4 . . . . 2 . 1 2 . . . 3 3 . . 5 3 5 25 Heavy 1 | . . . . . . . . . . . . . . . . . . 1 . . . . . . Behemoth 1 | . . . . . . . . . . . . . 1 . . . . . . . . . . . Cetus Guard 6 | . . . . . . . . . . . . . . 6 . . . . . . . . . . Lightning 7 | . . . . . . . . . . . . . . . . 7 . . . . . . . . Hotshot 3 | . . . . . . . . . . . . . . . . . . . . . . . . 3 Decapitator 9 | . . . . . . . . . . . . . . . . . . . . . . . . 9 Overlord 1 | . . . . . . . . . . . . . . . . . . . . . . . . 1 Striker 17 | . . . . . . . . . . . . . . . . . . . . . . . . 17 Executioner 18 | . . . . . . . . . . . . . . . . . . . . . . . . 18 Alpha 7 4 | . . . . . . . . . . . . . . . . . . . . . . . . 4 Fortress 1 | . . . . . . . . . . . . . . . . . . . . . . . 1 . V-Series 7 | . . . . . . . . . . . . . . . . . . . . . . . . 7 Artisan 3 | . . 3 . . . . . . . . . . . . . . . . . . . . . . Cobbler 2 | . . 2 . . . . . . . . . . . . . . . . . . . . . . Subdweller 11 | . . 11 . . . . . . . . . . . . . . . . . . . . . . Scrapoid 2 | . . . . . . . . . . . . 1 . . . . . . . . . . . 1 Packrat 2 | . . . . . . 2 . . . . . . . . . . . . . . . . . . Surgeon 1 | . . . . . . . . . . . . . . 1 . . . . . . . . . . Wasp 1 | . . . . . . . . . . . . . 1 . . . . . . . . . . . Thug 1 | . . . . . . . . . . . . . . . 1 . . . . . . . . . Best Kill Streak 27 | 2 5 5 1 . 4 3 . . 4 3 . 1 7 4 3 7 5 12 . 2 4 3 4 27 Combat Bots Only 27 | . 3 4 1 . 3 3 . . 4 2 . 1 6 3 2 7 5 12 . . 2 3 3 27 Max Kills in Single Turn 7 | 1 2 3 1 . 1 3 . . 3 1 . 1 3 1 1 6 5 3 . 1 2 1 2 7 Gunslinging 2 | . . . . . . . . . . . . . . . . . . . . . . . 1 2 Exploded 5 | . . 3 . . . 3 . . 3 . . . 2 . . . 5 3 . . . . . 4 Melee 1 | . 1 . . . . . . . . . . . . . . . . 1 . . 1 . . . Uniques/NPCs Destroyed 1 | . . . . . . . . . . . . . . 1 . . . . . . . . . . A7 (-5/Cetus) Combat | -11 -10 -10 -8 -8 -6 -6 -6 -6 -5 -5 -5 -5 -5 -5 -5 -5 -4 -4 -4 -3 -3 -2 -2 -2 -------- Run | Yrd Mat Sub Rec Scr Fac Low Low Dat Pro Fac Was Fac Ext Cet Arc Hub Fac Arm Lab Res Tes Res Qua Frg Hostile Shots Fired 1259 | . 73 64 8 . 100 3 . . 4 21 . . 58 5 8 67 71 171 . . 12 56 47 491 Missed 613 | . 16 25 4 . 33 1 . . . 9 . . 20 . 4 9 34 72 . . 6 23 27 330 Deflected 10 | . . . . . . . . . . . . . . . . . . . . . . . 1 9 Hits 646 | . 57 39 4 . 67 2 . . 4 12 . . 38 5 4 58 37 99 . . 6 33 20 161 Melee 5 | . . . . . . . . . . . . . . . . . . 2 . . . . . 3 Projectile 641 | . 57 39 4 . 67 2 . . 4 12 . . 38 5 4 58 37 97 . . 6 33 20 158 AOE 6 | . . . . . . . . . . . . . . . . . . 1 . . . . . 5 Critical Strikes 28 | . 3 . 1 . 5 . . . . 1 . . 1 1 . 9 . . . . . 1 . 6 Actively Blocked 1 | . . . . . . . . . . . . . . . . . . . . . . . . 1 Part Disruptions 1 | . 1 . . . . . . . . . . . . . . . . . . . . . . . Damage Taken 10433 | . 733 645 59 . 1082 62 . . 89 316 . . 590 71 153 596 790 1506 . 129 137 442 316 2717 Core 843 | . 101 71 . . 118 . . . . . . . 9 . . 18 25 30 . . 46 . 64 361 Absorbed by Shields 2833 | . . . . . . . . . . . . . 311 67 . . . . . . . 234 182 2039 Reduced by Siege Mode 133 | . . . . . . . . . . . . . 9 . . 15 14 95 . . . . . . Redirected to Shielding 195 | . 3 . . . . . . . . . . . . . . . . . . . . . . 192 Ignored by Resistances 2002 | . . . . . . . . . . . . . . . . 1448 . . . . . . . 554 Regen/Repaired (Parts) 1945 | . 206 . . . 284 . . . . . 424 300 63 . . 22 118 103 . 67 23 41 47 247 Core Remaining (%) 80 | 100 . . . 31 . . . . 86 . . . . . . 97 . . 85 . 96 . . 70 Volleys Fired 1120 | 10 82 72 14 . 53 14 8 . 13 48 3 14 58 26 25 29 48 94 6 21 70 49 42 321 Largest 4 | 2 2 2 2 . 3 2 1 . 3 4 4 3 4 2 4 4 2 3 1 3 3 2 2 4 Hottest 266 | 60 100 160 160 . 183 133 90 . 160 228 225 209 258 162 140 140 100 266 120 210 265 200 130 212 Shots Fired 2308 | 20 163 113 28 . 137 16 9 . 18 94 12 20 109 39 91 110 54 111 7 24 86 70 55 922 Gun 1541 | 20 130 9 . . 92 . . . 2 31 3 . . . 91 108 10 . . . 39 67 54 885 Cannon 691 | . 33 86 28 . 45 14 9 . 15 63 9 20 104 39 . . 40 86 7 23 47 3 1 19 Launcher 66 | . . 14 . . . 2 . . 1 . . . 3 . . 2 4 21 . 1 . . . 18 Special 10 | . . 4 . . . . . . . . . . 2 . . . . 4 . . . . . . Kinetic 1459 | 10 68 9 . . 84 . 1 . 4 37 9 3 58 . 91 108 43 29 . 2 15 22 13 853 Thermal 591 | 9 64 90 28 . 19 14 8 . 13 39 3 9 10 11 . . . 40 7 20 67 48 41 51 Explosive 58 | . . 10 . . . 2 . . 1 . . . 3 . . 2 4 17 . 1 . . . 18 Electromagnetic 198 | 1 31 4 . . 34 . . . . 18 . 8 36 28 . . 7 25 . 1 4 . 1 . Robot Hit Streak 50 | 7 7 10 6 . 22 4 . . 2 11 12 3 16 9 7 12 7 18 . 6 8 10 9 50 Robot Miss Streak 6 | 2 6 2 4 . 5 1 . . 2 3 2 5 4 2 3 3 3 4 . 1 3 2 2 4 Penetration Max 2 | . . . . . . . . . . 1 . . 1 . 1 1 1 . . . 1 1 . 2 Secondary Targets 54 | . . . . . 3 . . . . . . . . . . 8 . . . . . . 1 42 Max Gunslinging Chain 2 | . . . . . 1 . . . . . . . . . . 1 . . . . . . 1 2 Shots Hit Robots 1447 | 15 110 63 15 . 94 3 . . 3 43 8 4 68 32 51 73 32 37 . 12 33 38 26 687 Core Hits 925 | 4 39 31 4 . 56 4 . . 4 21 5 4 42 13 26 39 29 64 . 6 17 22 13 482 Critical Kills 119 | . . . . . . . . . . 1 . . . 1 2 10 . . . 1 3 10 4 87 Critical Parts Destroyed 142 | . 6 . . . . . . . . 4 . . . . 6 8 1 . . . 6 11 5 95 Critical Strikes 309 | . 6 . . . . . . . . 5 . . 7 6 10 18 5 1 . 2 11 23 9 206 Meltdown 3 | . . . . . . . . . . . . . . 1 . . . . . 1 . . . 1 Destroy 280 | . 1 . . . . . . . . 5 . . . . 10 18 1 . . . 9 22 9 205 Blast 13 | . . . . . . . . . . . . . 6 . . . 3 1 . 1 2 . . . Corrupt 7 | . . . . . . . . . . . . . 1 5 . . 1 . . . . . . . Smash 5 | . 5 . . . . . . . . . . . . . . . . . . . . . . . Sever 1 | . . . . . . . . . . . . . . . . . . . . . . 1 . . Melee Attacks 73 | . 25 . . . 20 . . . . . . . . . . . . . . . 2 6 11 9 Kinetic 2 | . . . . . . . . . . . . . . . . . . . . . . . 2 . Impact 30 | . 25 . . . 5 . . . . . . . . . . . . . . . . . . . Slashing 41 | . . . . . 15 . . . . . . . . . . . . . . . 2 6 9 9 Piercing . | . . . . . . . . . . . . . . . . . . . . . . . . . Sneak Attacks 8 | . 6 . . . 1 . . . . . . . . . . . . . . . . . 1 . Combat Hostiles . | . . . . . . . . . . . . . . . . . . . . . . . . . Follow-up Attacks . | . . . . . . . . . . . . . . . . . . . . . . . . . Martial Strikes 8 | . . . . . . . . . . . . . . . . . . . . . 1 3 4 . Damage Inflicted 67865 | 132 1912 1841 431 . 2369 290 . . 292 1410 234 351 4079 1133 1540 2607 2796 4979 . 713 1606 1142 953 37055 Guns 34319 | 132 822 141 . . 1439 . . . . 224 14 . . . 1540 2012 147 . . . 507 841 535 25965 Cannons 15891 | . 354 1089 417 . 734 96 . . 33 1030 220 351 3479 1133 . . 1796 1832 . 402 961 . 76 1888 Explosions 15641 | . 46 611 . . . 194 . . 259 156 . . 600 . . 595 853 3147 . 311 76 . . 8793 Melee 1816 | . 684 . . . 185 . . . . . . . . . . . . . . . 62 134 342 409 Ramming 198 | . 6 . 14 . 11 . . . . . . . . . . . . . . . . 167 . . Kinetic 38135 | 57 300 290 . . 1356 . . . . 392 170 117 2486 . 1540 2012 1752 1134 . 65 566 209 148 25541 Thermal 9629 | 75 691 1089 417 . 229 96 . . 33 395 64 31 530 271 . . . 291 . 330 729 632 414 3312 Explosive 13198 | . . 429 . . . 194 . . 259 . . . 348 . . 85 853 2926 . 311 . . . 7793 Electromagnetic 4916 | . 231 33 . . 588 . . . . 623 . 203 715 862 . 510 191 628 . 7 249 . 76 . Impact 869 | . 684 . . . 185 . . . . . . . . . . . . . . . . . . . Slashing 920 | . . . . . . . . . . . . . . . . . . . . . 62 134 315 409 Piercing . | . . . . . . . . . . . . . . . . . . . . . . . . . Highest Corruption 44 | . . . . . 7 7 7 7 7 5 5 6 6 44 44 13 2 3 3 . 3 . . 31 Average Corruption 11 | . . . . . 5 7 7 7 7 4 5 5 6 25 27 12 1 2 3 . 2 . . 22 Corruption Purged 33 | . . . . . . . . . . . . . . . 33 . . . . . . . . . Corruption Blocked . | . . . . . . . . . . . . . . . . . . . . . . . . . Effects 557 | . . . . . 22 24 22 5 24 25 12 15 36 31 50 13 4 25 6 . 8 . . 235 Message Errors 116 | . . . . . 6 5 11 3 3 2 4 3 7 8 10 2 . . 3 . 2 . . 47 Matter Fused 112 | . . . . . 6 4 2 1 5 7 2 2 14 3 6 4 2 9 . . 5 . . 40 Heat Flow Errors 49 | . . . . . 2 3 . . 2 3 2 . 2 4 8 . 1 1 . . . . . 21 Energy Discharges 70 | . . . . . 3 2 2 . 8 4 2 4 3 1 6 1 . 4 . . . . . 30 Parts Rejected 6 | . . . . . 1 . . . . . . . . . . . . . . . . . . 5 Parts Fused 2 | . . . . . . . 1 . . . . . . . . . . . . . . . . 1 Data Loss (minor) 64 | . . . . . 2 6 4 1 1 5 1 4 5 6 5 2 . 4 2 . . . . 16 Data Loss (major) 27 | . . . . . . 1 . . 2 1 1 . 2 4 1 . . 2 . . . . . 13 Misfires 26 | . . . . . 1 1 1 . 3 2 . 2 . . 2 2 1 4 1 . 1 . . 5 Alerts 14 | . . . . . 1 2 1 . . 1 . . . 4 . . . . . . . . . 5 Misdirections 5 | . . . . . . . . . . . . . . . 1 . . . . . . . . 4 Weapon Failures 66 | . . . . . . . . . . . . . 3 1 11 2 . 1 . . . . . 48 Overload Shots 1 | . . . . . . . . . . . . . . . . . . . . . 1 . . . Overflow Damage 2208 | . 308 . 2 . 17 38 . . . 59 . 25 332 29 . 24 291 7 . 21 110 36 7 902 Projectiles 1050 | . . . 2 . 1 . . . . 23 . 25 217 29 . . 288 1 . 21 89 . . 354 Explosions 607 | . . . . . . 38 . . . 36 . . 115 . . 24 3 6 . . 21 . . 364 Melee 551 | . 308 . . . 16 . . . . . . . . . . . . . . . . 36 7 184 Knockbacks 45 | . 4 . . . 9 . . . . 2 . 1 15 . . . 10 2 . 1 . 1 . . Impact 5 | . 4 . . . . . . . . . . . . . . . . . . . . 1 . . Kinetic 36 | . . . . . 9 . . . . 2 . 1 14 . . . 7 2 . 1 . . . . Secondary 4 | . . . . . . . . . . . . . 1 . . . 3 . . . . . . . Self-Inflicted Damage 436 | . 56 . . . 5 29 . . 27 34 . . . . . 132 66 26 . . . . . 61 Shots 11 | . 2 . . . . 1 . . 1 1 . . . . . 2 1 1 . . . . . 2 Rammed 4 | . 2 . 1 . 1 . . . . . . . . . . . . . . . . . . . Targets Rammed 8 | . 2 . 1 . 1 . . . . . . . . . . . . . . . . 4 . . Kicked 4 | . . . . . . . . . . . . . . . . . . . . . . 4 . . Crushed . | . . . . . . . . . . . . . . . . . . . . . . . . . Highest Temperature 447 | 60 441 42 447 . 89 226 64 . 240 410 154 144 436 229 272 302 247 268 93 188 328 418 34 293 Average Temperature 69 | 26 89 9 139 . 18 111 22 . 64 111 74 49 78 71 71 93 27 50 44 69 73 95 17 41 Received Heat Transfer 1395 | . 396 144 45 . 348 . . . . 54 . . 79 . 9 45 36 96 . 9 . 9 . 125 Effects 10 | . 2 . . . . . . . . 2 . . 3 . . 1 . . . . 1 1 . . Shutdowns 5 | . 1 . . . . . . . . 1 . . 2 . . . . . . . . 1 . . Energy Bleed 4 | . 1 . . . . . . . . . . . 1 . . 1 . . . . 1 . . . Matter Decay 1 | . . . . . . . . . . 1 . . . . . . . . . . . . . . Siege Activations 24 | . . . . . . . . . . . . . 5 3 . 2 10 4 . . . . . . Total Turns 436 | . . . . . . . . . . . . . 54 23 . 98 189 72 . . . . . . Longest Duration 94 | . . . . . . . . . . . . . 22 13 . 60 94 45 . . . . . . Martial Activations 22 | . . . . . . . . . . . . . . . . . . . . . 2 5 5 10 Total Turns 1184 | . . . . . . . . . . . . . . . . . . . . . 37 114 271 762 Longest Duration 267 | . . . . . . . . . . . . . . . . . . . . . 35 67 154 267 Shielding Activations . | . . . . . . . . . . . . . . . . . . . . . . . . . Robots Disrupted 1 | . . . . . . . . . . . . . 1 . . . . . . . . . . . Combat Hostiles 1 | . . . . . . . . . . . . . 1 . . . . . . . . . . . Robots Corrupted 15 | . 4 . . . . . . . . 1 . . . 6 . . 2 1 . . 1 . . . Combat Hostiles 10 | . 1 . . . . . . . . 1 . . . 6 . . . 1 . . 1 . . . Parts Fried 39 | . 2 . . . 4 . . . . 2 . 1 2 9 . 2 8 3 . . 3 3 . . Impact Corruptions 16 | . 11 . . . 1 . . . . . . . . . . . 2 . . . . 2 . . Robots Melted 3 | . . . . . . . . . . . . . . 1 . . . . . 1 . . . 1 Combat Hostiles 1 | . . . . . . . . . . . . . . . . . . . . . . . . 1 Parts Melted 14 | . 1 1 1 . 1 . . . . . . . 1 . . . . 2 . 3 . . . 4 Heat Transferred 10155 | 175 1444 1776 555 . 350 150 . . 50 600 100 50 496 149 . . . 222 . 333 703 592 333 2077 Parts Sabotaged 1 | . . . . . . . . . . . . . . . . . . 1 . . . . . . Parts Stolen . | . . . . . . . . . . . . . . . . . . . . . . . . . Parts Stripped 18 | . . . . . . . . . . . . . . . . . . . . . . . 18 . Power Chain Reactions 7 | . 1 . . . . . . . . 1 . . 1 . . 4 . . . . . . . . Alert | -11 -10 -10 -8 -8 -6 -6 -6 -6 -5 -5 -5 -5 -5 -5 -5 -5 -4 -4 -4 -3 -3 -2 -2 -2 ------- Run | Yrd Mat Sub Rec Scr Fac Low Low Dat Pro Fac Was Fac Ext Cet Arc Hub Fac Arm Lab Res Tes Res Qua Frg Maximum Alert Level 5 | . . . . . . . . . . . . 3 3 2 2 4 3 3 . . . 1 . 5 Low Security (%) 59 | 100 100 . 100 . 100 . . . . 100 100 17 . . 12 22 . . . 100 100 75 100 22 Level 1 7 | . . . . . . . . . . . . 23 13 . 68 10 . 14 . . . 24 . 7 Level 2 15 | . . . . . . . . . . . . 14 57 99 18 67 84 10 . . . . . 17 Level 3 10 | . . . . . . . . . . . . 44 28 . . . 15 74 . . . . . 9 Level 4 2 | . . . . . . . . . . . . . . . . . . . . . . . . 10 Level 5 6 | . . . . . . . . . . . . . . . . . . . . . . . . 32 High Security . | . . . . . . . . . . . . . . . . . . . . . . . . . Max Security . | . . . . . . . . . . . . . . . . . . . . . . . . . Peak Influence 5161 | 5 92 . 51 . 182 . . . . 64 8 1002 922 558 426 1209 834 1084 . 37 145 298 162 5161 Initial 592 | . . . 38 . . . . . . . 8 . 457 452 168 58 592 397 . . . 41 162 21 Average 473 | 1 28 . 2 . 38 . . . . 12 . 525 595 480 307 421 615 802 . 2 77 112 70 1531 Influence Increases 16018 | 10 538 80 69 . 543 70 . . 90 252 4 1568 1086 295 360 1371 660 1479 . 130 541 573 426 5873 Destroy 0b10 Robot/C 8020 | . 280 80 20 . 340 60 . . 80 80 . 440 540 160 80 320 420 780 . 40 140 220 160 3780 Destroy 0b10 Robot/NC 580 | 10 80 . 15 . 25 . . . . 25 . 30 20 10 45 50 40 10 . 30 45 10 10 125 Destroy Leader 1436 | . 68 . . . 104 10 . . 10 34 . 98 90 . . 70 80 152 . 10 32 72 30 576 Allied During Kill 1401 | . . . . . . . . . . . . 561 247 119 125 170 23 149 . 7 . . . . Successful Hack 274 | . 30 . 21 . 4 . . . . . . 24 . . . . . 16 . 5 77 12 40 45 Select Force Hacks 50 | . . . . . . . . . . . . . . . . 50 . . . . . . . . Disable Machine 1725 | . 30 . . . 45 . . . . 75 . 165 75 . 60 210 15 150 . . 135 60 105 600 Anti-Garrison Action 150 | . . . . . . . . . . . . . . . . 150 . . . . . . . . Destroy Structure 2097 | . 5 . 13 . 25 . . . . 38 4 250 84 6 50 336 82 222 . 38 82 169 66 627 Partial Spotted 30 | . . . . . . . . . . . . . . . . . . . . . . . 15 15 Lose Combat Pursuer 255 | . 45 . . . . . . . . . . . 30 . . 15 . . . . 30 30 . 105 Influence Decreases 10857 | 10 461 77 149 . 449 164 . . 90 228 28 634 1211 683 615 328 1057 1239 1052 130 467 357 678 750 Entered New Map 3588 | . . 37 42 . . 36 . . . . 16 . 477 357 253 108 617 415 1052 . . 33 128 17 Time Decay 5753 | 10 451 40 107 . 331 128 . . 90 228 12 254 464 286 362 120 410 534 . 110 378 314 447 677 Lost Part 50 | . 10 . . . . . . . . . . . . . . . 10 . . . . 10 . 20 Lost Ally 670 | . . . . . . . . . . . . 230 120 40 . 100 20 140 . 20 . . . . Purge Threat 796 | . . . . . 118 . . . . . . 150 150 . . . . 150 . . 89 . 103 36 Squads Dispatched 71 | . 2 . . . 7 . . . . 4 . 6 5 . . 6 2 10 . 3 2 7 4 13 Investigation 15 | . . . . . 3 . . . . . . 2 1 . . 1 . . . 2 . 3 . 3 Extermination 25 | . . . . . 3 . . . . 2 . 1 . . . . 2 3 . . 2 2 3 7 Reinforcement 18 | . 2 . . . 1 . . . . 2 . 2 2 . . . . 3 . 1 . 2 1 2 Assault 10 | . . . . . . . . . . . . 1 2 . . 2 . 4 . . . . . 1 Garrison 3 | . . . . . . . . . . . . . . . . 3 . . . . . . . . Intercept . | . . . . . . . . . . . . . . . . . . . . . . . . . Searches Triggered . | . . . . . . . . . . . . . . . . . . . . . . . . . Construction Impeded 2 | . . . . . . . . . . 1 . . 1 . . . . . . . . . . . Haulers Reinforced . | . . . . . . . . . . . . . . . . . . . . . . . . . Active Scanning Responses . | . . . . . . . . . . . . . . . . . . . . . . . . . Cargo Convoy Interrupts . | . . . . . . . . . . . . . . . . . . . . . . . . . Stealth | -11 -10 -10 -8 -8 -6 -6 -6 -6 -5 -5 -5 -5 -5 -5 -5 -5 -4 -4 -4 -3 -3 -2 -2 -2 --------- Run | Yrd Mat Sub Rec Scr Fac Low Low Dat Pro Fac Was Fac Ext Cet Arc Hub Fac Arm Lab Res Tes Res Qua Frg Distress Signals 25 | . 2 . . . . . . . . 1 . 1 2 2 . 1 . 1 . 7 2 2 . 4 Communications Jammed 20 | . . . . . . . . . . . . . . . . . 6 5 . 2 1 2 . 4 Distress Signals 19 | . . . . . . . . . . . . . . . . . 6 5 . 2 1 1 . 4 Times Spotted 539 | . 32 16 1 . 25 3 . . 1 11 . 12 30 10 11 26 23 40 . 8 16 15 13 246 Peak Tracking Total 13 | . 3 5 1 . 4 3 . . 1 4 . 3 5 5 1 11 6 7 . 3 4 3 2 13 Tactical Retreats 14 | . 2 . . . . . . . . . . . 1 . . 1 . . . . 2 1 . 7 Traps | -11 -10 -10 -8 -8 -6 -6 -6 -6 -5 -5 -5 -5 -5 -5 -5 -5 -4 -4 -4 -3 -3 -2 -2 -2 ------- Run | Yrd Mat Sub Rec Scr Fac Low Low Dat Pro Fac Was Fac Ext Cet Arc Hub Fac Arm Lab Res Tes Res Qua Frg Traps Triggered 16 | . . . . . . . . . . 2 . 1 1 . . . 1 . . 1 . . . 10 Indirectly . | . . . . . . . . . . . . . . . . . . . . . . . . . Trap Hack Attempts . | . . . . . . . . . . . . . . . . . . . . . . . . . Triggered . | . . . . . . . . . . . . . . . . . . . . . . . . . Disarmed 3 | . . . . . . . . . . . . . . . . . . . . . . . . 3 Reprogrammed . | . . . . . . . . . . . . . . . . . . . . . . . . . Reused . | . . . . . . . . . . . . . . . . . . . . . . . . . Traps Extracted . | . . . . . . . . . . . . . . . . . . . . . . . . . Installed . | . . . . . . . . . . . . . . . . . . . . . . . . . Triggered . | . . . . . . . . . . . . . . . . . . . . . . . . . Most Traps Carried 1 | . . 1 . . . . . . . . . . . . . . . . . . . . . . Machines | -11 -10 -10 -8 -8 -6 -6 -6 -6 -5 -5 -5 -5 -5 -5 -5 -5 -4 -4 -4 -3 -3 -2 -2 -2 ---------- Run | Yrd Mat Sub Rec Scr Fac Low Low Dat Pro Fac Was Fac Ext Cet Arc Hub Fac Arm Lab Res Tes Res Qua Frg Machines Disabled 144 | . 2 7 . . 3 . . . . 5 . 11 6 . 4 15 3 10 3 . 9 5 8 53 Max in Single Turn 11 | . 1 2 . . 1 . . . . 1 . . 1 . 2 11 1 1 1 . 1 2 1 3 Garrison Access 5 | . . . . . 1 . . . . . . . . . . 1 . . . . 1 . 1 1 Network Hub 2 | . . . . . . . . . . . . . . . . 2 . . . . . . . . Energy Cycler 2 | . . . . . . . . . . . . . 2 . . . . . . . . . . . Machines Repaired . | . . . . . . . . . . . . . . . . . . . . . . . . . Machines Dismantled . | . . . . . . . . . . . . . . . . . . . . . . . . . Machines Sabotaged 1 | . . . . . . . . . . . . . . . . 1 . . . . . . . . Overloaded Fab Kills . | . . . . . . . . . . . . . . . . . . . . . . . . . Hacking | -11 -10 -10 -8 -8 -6 -6 -6 -6 -5 -5 -5 -5 -5 -5 -5 -5 -4 -4 -4 -3 -3 -2 -2 -2 --------- Run | Yrd Mat Sub Rec Scr Fac Low Low Dat Pro Fac Was Fac Ext Cet Arc Hub Fac Arm Lab Res Tes Res Qua Frg Machines Accessed 90 | . 9 1 12 3 10 1 . 4 . 2 . 7 7 . . 1 . 3 1 3 6 6 5 9 Terminals 51 | . 7 . 6 . 4 . . . . 2 . 5 6 . . 1 . 2 . 2 4 2 4 6 Fabricators 1 | . . . . . 1 . . . . . . . . . . . . . . . . . . . Repair Stations 6 | . 1 . . . 1 . . . . . . 1 . . . . . 1 . 1 . . . 1 Recycling Units 15 | . 1 . 6 . 2 . . . . . . 1 1 . . . . . . . . 3 . 1 Scanalyzers 2 | . . . . . 1 . . . . . . . . . . . . . . . 1 . . . Garrison Access 5 | . . . . . 1 . . . . . . . . . . . . . . . 1 1 1 1 Total Hacks 351 | . 30 9 33 35 28 5 . 34 . 3 . 13 9 . . 2 . 6 1 8 23 31 37 44 Successful 194 | . 14 9 11 35 15 5 . 34 . 1 . 8 2 . . 1 . 3 1 2 9 10 10 24 Failed 156 | . 15 . 22 . 13 . . . . 2 . 5 7 . . 1 . 3 . 6 14 21 27 20 Catastrophic 37 | . 3 . 7 . 3 . . . . 1 . 1 3 . . . . 1 . 2 2 6 5 3 Database Lockouts 1 | . 1 . . . . . . . . . . . . . . . . . . . . . . . Manual 126 | . 21 . 13 . 7 . . . . . . 8 7 1 . 2 . 4 . 5 15 15 12 16 Terminals 180 | . 21 . 16 . 9 . . . . 3 . 9 7 . . 2 . 4 . 5 17 18 33 36 Fabricators 3 | . . . . . 3 . . . . . . . . . . . . . . . . . . . Repair Stations 27 | . 8 . . . 8 . . . . . . 2 . . . . . 2 . 3 . . . 4 Recycling Units 35 | . 1 . 17 . 3 . . . . . . 2 2 . . . . . . . . 8 . 2 Scanalyzers 6 | . . . . . 3 . . . . . . . . . . . . . . . 3 . . . Garrison Access 16 | . . . . . 2 . . . . . . . . . . . . . . . 3 5 4 2 Terminal Hacks 133 | . 6 9 4 35 3 5 . 34 . 1 . 2 1 . . . . 1 1 1 4 5 7 14 Record 59 | . . 8 . 34 . 5 . 11 . . . . . . . . . . 1 . . . . . Part Schematic 18 | . 2 . 3 . 1 . . 12 . . . . . . . . . . . . . . . . Robot Schematic 8 | . . . . . . . . 8 . . . . . . . . . . . . . . . . Robot Analysis 4 | . 2 . 1 . . . . . . . . . . . . . . . . . . . . 1 Prototype ID Bank 6 | . . . . . . . . 3 . 1 . . . . . . . . . . . . 1 1 Branch Access Points 4 | . . . . . . . . . . . . . . . . . . . . 1 1 1 . 1 Terminal Index 1 | . . . . . . . . . . . . 1 . . . . . . . . . . . . Fabricator Index 1 | . . . . . . . . . . . . . . . . . . . . . . . 1 . Recycling Unit Index 1 | . . . . . . . . . . . . . . . . . . . . . . . 1 . Scanalyzer Index 2 | . . . . . . . . . . . . . . . . . . . . . 1 . 1 . Alert Level 1 | . . . . . . . . . . . . . . . . . . . . . . . 1 . Unreport Threat 8 | . . . . . 1 . . . . . . 1 1 . . . . 1 . . 2 . 1 1 Locate Traps 5 | . 1 . . . . . . . . . . . . . . . . . . . . 1 . 3 Disarm Traps 1 | . . . . . . . . . . . . . . . . . . . . . . . . 1 Dispatch Records 2 | . . . . . . . . . . . . . . . . . . . . . . 1 . 1 Maintenance Status 1 | . . . . . . . . . . . . . . . . . . . . . . . 1 . Security Status 1 | . . . . . . . . . . . . . . . . . . . . . . . . 1 Surveillance Status 1 | . . . . . . . . . . . . . . . . . . . . . . . . 1 Patrol Status 1 | . . . . . . . . . . . . . . . . . . . . . . . . 1 Transport Status 2 | . 1 . . . . . . . . . . . . . . . . . . . . 1 . . Hauler Manifests 1 | . . . . . 1 . . . . . . . . . . . . . . . . . . . Registered Components 1 | . . . . . . . . . . . . . . . . . . . . . . 1 . . Registered Prototypes 1 | . . . . . . . . . . . . . . . . . . . . . . . . 1 Proto ID Catalog 3 | . . 1 . 1 . . . . . . . . . . . . . . . . . . . 1 Fabricator Hacks 1 | . . . . . 1 . . . . . . . . . . . . . . . . . . . Load Schematic 1 | . . . . . 1 . . . . . . . . . . . . . . . . . . . Repair Station Hacks 20 | . 6 . . . 6 . . . . . . 2 . . . . . 2 . . . . . 4 Scan Component 10 | . 3 . . . 3 . . . . . . 1 . . . . . 1 . . . . . 2 Repair 10 | . 3 . . . 3 . . . . . . 1 . . . . . 1 . . . . . 2 Recycling Unit Hacks 7 | . . . 7 . . . . . . . . . . . . . . . . . . . . . Retrieve Components 7 | . . . 7 . . . . . . . . . . . . . . . . . . . . . Scanalyzer . | . . . . . . . . . . . . . . . . . . . . . . . . . Garrison Access Hacks 4 | . . . . . 1 . . . . . . . . . . . . . . . 1 . 1 1 Seal Access 4 | . . . . . 1 . . . . . . . . . . . . . . . 1 . 1 1 Unauthorized Hacks 29 | . 2 . . . 4 . . . . . . 4 1 . . 1 . . . 1 4 5 2 5 Terminals 18 | . 1 . . . 2 . . . . . . 3 . . . 1 . . . . 3 2 2 4 Botnet 15 | . 1 . . . 2 . . . . . . 3 . . . . . . . . 3 1 2 3 Operators 2 | . . . . . . . . . . . . . . . . . . . . . . 1 . 1 Sabotage 1 | . . . . . . . . . . . . . . . . 1 . . . . . . . . Fabricators . | . . . . . . . . . . . . . . . . . . . . . . . . . Repair Stations 1 | . . . . . . . . . . . . . . . . . . . . 1 . . . . Patch 1 | . . . . . . . . . . . . . . . . . . . . 1 . . . . Recycling Units 9 | . 1 . . . 2 . . . . . . 1 1 . . . . . . . . 3 . 1 Recyclers 1 | . 1 . . . . . . . . . . . . . . . . . . . . . . . Fedlink 7 | . . . . . 2 . . . . . . . 1 . . . . . . . . 3 . 1 Scrapoids 1 | . . . . . . . . . . . . 1 . . . . . . . . . . . . Scanalyzers 1 | . . . . . . . . . . . . . . . . . . . . . 1 . . . Researchers 1 | . . . . . . . . . . . . . . . . . . . . . 1 . . . Garrison Access . | . . . . . . . . . . . . . . . . . . . . . . . . . Data Cores Recovered 2 | . . . . . 1 . . . . . . . 1 . . . . . . . . . . . Used 1 | . . . . . 1 . . . . . . . . . . . . . . . . . . . Hacking Detections 48 | . 9 . 10 . 8 . . . . 2 . 2 1 . . . . 1 . 1 2 3 2 7 Full Trace Events 8 | . . . 6 . 1 . . . . . . 1 . . . . . . . . . . . . Feedback Events . | . . . . . . . . . . . . . . . . . . . . . . . . . Feedback Blocked . | . . . . . . . . . . . . . . . . . . . . . . . . . Robot Schematics Acquired 12 | . . . . . . . . 8 . . . . . . . . . . . . . . . 4 Robots Built . | . . . . . . . . . . . . . . . . . . . . . . . . . Authchips . | . . . . . . . . . . . . . . . . . . . . . . . . . Time . | . . . . . . . . . . . . . . . . . . . . . . . . . Total Robot Build Rating . | . . . . . . . . . . . . . . . . . . . . . . . . . Part Schematics Acquired 38 | . 2 . 3 . 1 . . 12 . . . . . . . . . . . . 7 . . 13 Parts Built . | . . . . . . . . . . . . . . . . . . . . . . . . . Authchips . | . . . . . . . . . . . . . . . . . . . . . . . . . Time . | . . . . . . . . . . . . . . . . . . . . . . . . . Total Part Build Rating . | . . . . . . . . . . . . . . . . . . . . . . . . . Parts Repaired 10 | . 3 . . . 3 . . . . . . 1 . . . . . 1 . . . . . 2 Time 527 | . 103 . . . 120 . . . . . . 68 . . . . . 54 . . . . . 182 Parts Recycled . | . . . . . . . . . . . . . . . . . . . . . . . . . Recycled Matter . | . . . . . . . . . . . . . . . . . . . . . . . . . Retrieved Matter . | . . . . . . . . . . . . . . . . . . . . . . . . . Retrieved Components 5 | . . . 5 . . . . . . . . . . . . . . . . . . . . . Parts Scanalyzed . | . . . . . . . . . . . . . . . . . . . . . . . . . Part Schematics Acquired . | . . . . . . . . . . . . . . . . . . . . . . . . . Parts Damaged . | . . . . . . . . . . . . . . . . . . . . . . . . . Bothacking | -11 -10 -10 -8 -8 -6 -6 -6 -6 -5 -5 -5 -5 -5 -5 -5 -5 -4 -4 -4 -3 -3 -2 -2 -2 ------------ Run | Yrd Mat Sub Rec Scr Fac Low Low Dat Pro Fac Was Fac Ext Cet Arc Hub Fac Arm Lab Res Tes Res Qua Frg Used RIF Installer . | . . . . . . . . . . . . . . . . . . . . . . . . . Robots Hacked . | . . . . . . . . . . . . . . . . . . . . . . . . . Non-combat . | . . . . . . . . . . . . . . . . . . . . . . . . . Combat . | . . . . . . . . . . . . . . . . . . . . . . . . . Robot Hacks Applied . | . . . . . . . . . . . . . . . . . . . . . . . . . Relay Couplers Released 4 | . . . . . . . . . . . . . . . . 1 . . . . . 3 . . Machine Destruction 1 | . . . . . . . . . . . . . . . . 1 . . . . . . . . Programmers 3 | . . . . . . . . . . . . . . . . . . . . . . 3 . . Fabnet Peak Effective % . | . . . . . . . . . . . . . . . . . . . . . . . . . Robots Rewired 13 | . . . . . . . . . . . . . . . . . 1 12 . . . . . . Allies Hacked . | . . . . . . . . . . . . . . . . . . . . . . . . . Hacks Repelled . | . . . . . . . . . . . . . . . . . . . . . . . . . Allies | -11 -10 -10 -8 -8 -6 -6 -6 -6 -5 -5 -5 -5 -5 -5 -5 -5 -4 -4 -4 -3 -3 -2 -2 -2 -------- Run | Yrd Mat Sub Rec Scr Fac Low Low Dat Pro Fac Was Fac Ext Cet Arc Hub Fac Arm Lab Res Tes Res Qua Frg Total Allies 46 | . . . . . . . . . . . 20 5 3 5 . . 1 12 . . . . . . Largest Group 25 | . . . . . . . . . . . 20 25 8 10 6 5 1 5 3 3 . . . . Highest-Rated Group 1025 | . . . . . . . . . . . 787 1025 318 765 523 480 47 270 145 145 . . . . Highest-Rated Ally 159 | . . . . . . . . . . . 50 50 159 159 96 96 47 68 50 50 . . . . Total Orders 10 | . . . . . . . . . . . . . . 2 . 1 . 3 4 . . . . . STAY 5 | . . . . . . . . . . . . . . 1 . . . 2 2 . . . . . FOLLOW 4 | . . . . . . . . . . . . . . 1 . . . 1 2 . . . . . GUARD 1 | . . . . . . . . . . . . . . . . 1 . . . . . . . . Ally Attacks 403 | . . . . . . . . . . . . 150 76 31 23 49 5 50 . 19 . . . . Total Damage 13302 | . . . . . . . . . . . . 5106 1985 633 715 2101 60 2083 . 619 . . . . Kills 60 | . . . . . . . . . . . . 30 5 2 1 5 1 13 . 3 . . . . Allies Corrupted 4 | . . . . . . . . . . . . . . . . 4 . . . . . . . . Allies Melted 2 | . . . . . . . . . . . . . 1 1 . . . . . . . . . . Intel | -11 -10 -10 -8 -8 -6 -6 -6 -6 -5 -5 -5 -5 -5 -5 -5 -5 -4 -4 -4 -3 -3 -2 -2 -2 ------- Run | Yrd Mat Sub Rec Scr Fac Low Low Dat Pro Fac Was Fac Ext Cet Arc Hub Fac Arm Lab Res Tes Res Qua Frg Active Infowar (turns) 21071 | 38 2590 4860 36 . 1957 739 806 120 659 945 84 355 60 . 127 37 980 1162 53 1034 897 722 1248 1562 Sensors 5802 | . . . . . . . . . . . 16 355 60 . . . 841 816 53 1008 610 380 1086 577 Terrain 9205 | . . 1035 . . 980 . . . . 923 84 351 . . 126 37 510 981 53 1008 897 499 1142 579 Structural 1535 | . . . . . . . 736 120 659 19 . . . . 1 . . . . . . . . . Traps 1 | . . . . . 1 . . . . . . . . . . . . . . . . . . . Seismic 11400 | 38 2590 3825 36 . 1581 739 802 120 659 828 . . . . . . . . . 53 67 62 . . Machine Analysis 1578 | . . . . . 1571 7 . . . . . . . . . . . . . . . . . . Cloaking 723 | . . . . . . . . . . . . . . . . . . . . . . . . 723 Jamming 4623 | . . . . . . . . . . . . . . . . . 469 843 53 913 480 329 83 1453 ECM 3 | . . . . . . . . . . . . . . . . . . 1 . . . . . 2 Robot Analysis Total 4 | . 2 . 1 . . . . . . . . . . . . . . . . . . . . 1 Derelict Logs Recovered 10 | . . 2 . 5 . 1 2 . . . . . . . . . . . . . . . . . Drone Launches . | . . . . . . . . . . . . . . . . . . . . . . . . . Drone Recoveries . | . . . . . . . . . . . . . . . . . . . . . . . . . Exploration | -11 -10 -10 -8 -8 -6 -6 -6 -6 -5 -5 -5 -5 -5 -5 -5 -5 -4 -4 -4 -3 -3 -2 -2 -2 ------------- Run | Yrd Mat Sub Rec Scr Fac Low Low Dat Pro Fac Was Fac Ext Cet Arc Hub Fac Arm Lab Res Tes Res Qua Frg Turns Passed 37186 | 79 3293 5478 1826 5696 1959 739 806 120 659 1024 553 643 1179 621 828 259 995 1502 363 1037 900 722 1274 4631 Spaces Moved 16883 | 39 1042 1812 556 1865 681 429 484 76 395 510 265 334 596 235 156 79 344 516 166 551 770 412 834 3736 Core 109 | . . . . 109 . . . . . . . . . . . . . . . . . . . . Treads 5341 | . 632 695 549 1742 492 . . . . . 3 . 3 13 143 . 28 489 166 386 . . . . Legs 3056 | 39 128 . . . . . . . . . . . . . . . . . . . 295 412 834 1348 Wheels 5343 | . 282 1117 7 14 189 429 484 76 395 510 256 334 593 222 13 79 316 27 . . . . . . Hover 3034 | . . . . . . . . . . . 6 . . . . . . . . 165 475 . . 2388 Flight . | . . . . . . . . . . . . . . . . . . . . . . . . . Fastest Speed 36 | 120 120 150 160 50 160 160 160 160 160 160 160 140 140 100 140 140 140 145 145 47 47 110 112 36 Average Speed 173 | 120 267 235 317 301 222 160 160 160 160 163 178 148 148 145 231 143 163 190 164 171 74 117 125 73 Slowest Speed 420 | 120 320 320 320 320 332 160 160 160 160 175 330 175 305 240 240 150 320 232 225 225 220 224 224 420 Overloaded Moves 359 | . . . . . . . . . . . . . . . . . . . . . 17 19 91 232 Propulsion Burnouts . | . . . . . . . . . . . . . . . . . . . . . . . . . Robots Hopped . | . . . . . . . . . . . . . . . . . . . . . . . . . Potential Cave-ins 10 | . . . . . . . . . . 6 . . . . . . . . . . . . 4 . Cave-ins Triggered . | . . . . . . . . . . . . . . . . . . . . . . . . . Teleports 3 | . . . . . . . . . . . . . . . . . . . 1 . . . . 2 Exploration Rate (%) 55 | 3 97 71 95 90 21 62 71 68 62 18 87 14 85 56 78 13 12 42 91 15 68 14 76 79 Regions Visited 24 Branch Regions 16 Pre-discovered Areas 8 | . . 1 . 4 1 1 . 1 . . . . . . . . . . . . . . . . Known Exits Taken 16 | . . . . . 1 1 1 . 1 . . 1 1 1 1 1 1 1 1 1 1 1 1 . Unknown Exits Taken 6 | 1 1 1 1 1 . . . 1 . . . . . . . . . . . . . . . . Scrap Searched 17 | . . 9 . 3 . 2 2 . 1 . . . . . . . . . . . . . . . Spaces Dug 231 | . . 19 2 . 23 11 8 . 9 19 . 6 . . . 9 6 19 . 10 34 26 21 9 Terrain Destroyed 1172 | . 3 104 12 . 25 47 8 . 32 22 2 8 57 3 35 210 39 122 . 23 43 64 28 285 Melee 20 | . . . . . 15 . . . . . . . . . . . . . . . 1 3 . 1 Projectile 530 | . . 4 12 . 10 11 8 . 13 22 2 8 13 3 35 27 16 34 . 13 42 31 26 200 AOE 613 | . 3 100 . . . 36 . . 19 . . . 44 . . 183 23 88 . 10 . 28 . 79 Terrain Rammed . | . . . . . . . . . . . . . . . . . . . . . . . . . Walls Destroyed . | . . . . . . . . . . . . . . . . . . . . . . . . . Machines Disabled . | . . . . . . . . . . . . . . . . . . . . . . . . . Actions | -11 -10 -10 -8 -8 -6 -6 -6 -6 -5 -5 -5 -5 -5 -5 -5 -5 -4 -4 -4 -3 -3 -2 -2 -2 --------- Run | Yrd Mat Sub Rec Scr Fac Low Low Dat Pro Fac Was Fac Ext Cet Arc Hub Fac Arm Lab Res Tes Res Qua Frg Total 22825 | 52 1371 2888 585 1940 991 467 507 75 409 627 338 459 782 491 570 156 701 922 254 617 1022 584 1006 5011 Wait 3125 | . 125 896 . 5 153 21 8 . . 14 32 67 70 176 378 24 271 170 54 2 88 71 41 459 Move 16859 | 38 1041 1811 555 1864 680 428 483 75 394 510 264 333 595 234 155 78 343 515 165 550 769 411 833 3735 Hop . | . . . . . . . . . . . . . . . . . . . . . . . . . Pick Up 338 | 2 41 24 4 37 20 . 1 . 1 15 4 5 9 15 2 4 4 9 10 8 10 7 16 90 Fast Attach 194 | 1 2 4 1 6 9 1 2 . . 6 11 7 6 10 5 3 2 12 4 3 24 5 17 53 Attach 79 | . 1 1 . 4 6 . 1 . . 4 . 1 4 3 1 4 2 4 4 8 2 4 3 22 Detach 17 | . . . . . 1 . . . . . 1 2 1 1 . 5 . . 1 . . . 1 4 Swap 373 | 1 23 50 5 2 25 1 2 . . 12 5 15 18 5 2 5 14 23 . 12 17 21 16 99 Drop 456 | . 29 30 5 22 23 2 2 . 1 18 18 11 16 21 2 4 5 19 10 12 38 9 28 131 Fire 1120 | 10 82 72 14 . 53 14 8 . 13 48 3 14 58 26 25 29 48 94 6 21 70 49 42 321 Melee 65 | . 25 . . . 20 . . . . . . . . . . . . . . . 1 3 7 9 Ram 2 | . 1 . . . 1 . . . . . . . . . . . . . . . . . . . Kick 4 | . . . . . . . . . . . . . . . . . . . . . . 4 . . Crush 2 | . 1 . 1 . . . . . . . . . . . . . . . . . . . . . Escape Stasis 16 | . . . . . . . . . . . . . . . . . 8 . . . . . . 8 Rewire 78 | . . . . . . . . . . . . . . . . . 4 74 . . . . . . Trap . | . . . . . . . . . . . . . . . . . . . . . . . . . Miscellaneous 97 | . . . . . . . . . . . . 4 5 . . . . 2 . 1 3 . 2 80 Route ------- -11/Scrapyard -10/Materials (discovered 6 exits: [*Mat x3] / [*Min x2] / *Sub) -10/Subcaves (discovered 3 exits: [*Mat x2] / *Rec) -8/Recycling (discovered 2 exits: *Fac / *Scr) -8/Scraptown (discovered 2 exits: *Fac x2) -6/Factory (discovered 6 exits: *Fac x4 / *Low x2) -6/Lower Caves -6/Lower Caves (discovered 2 exits: Fac / *Dat) -6/Data Miner -5/Proximity Caves -5/Factory (discovered 3 exits: *Fac x2 / Ext) -5/Waste -5/Factory -5/Extension (discovered 3 exits: *Fac x2 / *Cet) -5/Cetus (discovered 2 exits: *Fac / *Arc) -5/Archives (discovered 2 exits: *Fac / *Hub) -5/Hub_04(d) -4/Factory -4/Armory (discovered 2 exits: Res / *Lab) -4/Lab -3/Research (discovered 4 exits: *Res x2 / *Tes x2) -3/Testing -2/Research (discovered 4 exits: Acc x2 / *Qua x2) -2/Quarantine (discovered 3 exits: *Acc / *Sec / *Frg) -2/Protoforge 0bPrime History --------- Turn | Location | Event 28 | -11/Scrapyard | Discovered new exit (range 3) 80 | -11/Scrapyard | Entered Materials 383 | -10/Materials | Discovered new exit (range 16) 627 | -10/Materials | Build established: Mutant 924 | -10/Materials | Discovered new exit (range 15) 1434 | -10/Materials | Repaired Hvy. Ion Engine 1520 | -10/Materials | Discovered new exit (range 9) 1632 | -10/Materials | Central database locked down 1635 | -10/Materials | Discovered new exit (range 9) 1677 | -10/Materials | Discovered new exit (range 4) 2183 | -10/Materials | Discovered new exit (range 6) 2938 | -10/Materials | Repaired Lgt. Treads 2965 | -10/Materials | Repaired Lgt. Treads 3373 | -10/Materials | Entered Subcaves 3728 | -10/Subcaves | Core integrity fell below 50% 3855 | -10/Subcaves | Discovered new exit (range 13) 3913 | -10/Subcaves | Learned location of Zion (-7) 4017 | -10/Subcaves | Visited 4L-MR0's lab 4039 | -10/Subcaves | Found Rainbow Chip 4263 | -10/Subcaves | Discovered new exit (range 14) 4671 | -10/Subcaves | Disturbed a concealed Subdweller 5132 | -10/Subcaves | Build established: Scavenger-Mutant 5188 | -10/Subcaves | Ambushed by Subdweller buried in earth 5441 | -10/Subcaves | Build established: Mutant 6266 | -10/Subcaves | A swath of the cavern ceiling suddenly collapsed 6367 | -10/Subcaves | Shifting Twisted Machinery released Sub. Power Source 6374 | -10/Subcaves | Shifting Twisted Machinery released Flamer 7947 | -10/Subcaves | Learned 4 Materials zone layouts 8807 | -10/Subcaves | Discovered new exit (range 14) 8816 | -10/Subcaves | Ambushed by Subdweller buried in earth 8851 | -10/Subcaves | Entered Recycling 10328 | -8/Recycling | Discovered new exit (range 5) 10603 | -8/Recycling | Scanned before Scraplab entrance 10648 | -8/Recycling | Entered Scraplab 10674 | -8/Recycling | Discovered new exit (range 2) 10677 | -8/Recycling | Entered Scraptown 11495 | -8/Scraptown | Scanned Subdweller tech in exchange for log data 11502 | -8/Scraptown | Learned Research emergency access door positions 11505 | -8/Scraptown | Learned Factory stockpile data 11508 | -8/Scraptown | Learned Factory security intel 11511 | -8/Scraptown | Learned location of 2 exits from Proximity Caves 11658 | -8/Scraptown | Discovered new exit (range 11) 12221 | -8/Scraptown | Visited The Evicted 12263 | -8/Scraptown | Visited IN-MT5's Study 12288 | -8/Scraptown | Visited Assassins FH 12336 | -8/Scraptown | Visited Comm Corps 12451 | -8/Scraptown | Visited Cave Peace 12528 | -8/Scraptown | Visited Fellowship of the Rings 12634 | -8/Scraptown | Visited TADAMA 12947 | -8/Scraptown | Visited UFD Registry 12947 | -8/Scraptown | Registered with UFD as "Arcmech" 13114 | -8/Scraptown | Visited Botcube Research 13146 | -8/Scraptown | Found Botcube 13211 | -8/Scraptown | Visited Junk Repository 13291 | -8/Scraptown | Visited Junk Repository 13556 | -8/Scraptown | Delivered Scrap Shield to a Scientist 13842 | -8/Scraptown | Visited Curators Association 13890 | -8/Scraptown | Visited Derelict Rescue Squad 14025 | -8/Scraptown | Visited Science Guys 14153 | -8/Scraptown | Visited A0-MCA Data Center 14255 | -8/Scraptown | Visited Scrap Suit Storage 14301 | -8/Scraptown | Found Scrap Suit 15837 | -8/Scraptown | Visited Cartography Club 15890 | -8/Scraptown | Found Surveybot 17 Chip 15909 | -8/Scraptown | Found Deep Structural Scanner 15921 | -8/Scraptown | Learned location of Warlord (-4) 15921 | -8/Scraptown | Learned location of Proximity Caves (-6) 15921 | -8/Scraptown | Learned location of Hub_04(d) (-5) 15921 | -8/Scraptown | Learned 12 Materials zone layouts 15921 | -8/Scraptown | Learned 12 Factory zone layouts 15921 | -8/Scraptown | Learned 16 Factory zone layouts 15921 | -8/Scraptown | Learned 24 Factory zone layouts 15921 | -8/Scraptown | Learned 16 Lower Caves zone layouts 15921 | -8/Scraptown | Learned 12 Proximity Caves zone layouts 15921 | -8/Scraptown | Learned 24 Proximity Caves zone layouts 15921 | -8/Scraptown | Learned location of 3 exits from Factory 15921 | -8/Scraptown | Learned Research emergency access door positions 15921 | -8/Scraptown | Learned location of 1 exit from Lower Caves 15921 | -8/Scraptown | Learned location of 3 exits from Lower Caves 16187 | -8/Scraptown | Met Optimus 16187 | -8/Scraptown | Accepted into 0bPrime 16354 | -8/Scraptown | Discovered new exit (range 5) 16373 | -8/Scraptown | Entered Factory 16373 | -6/Factory | Evolved 8 slots: Propulsion x1, Utility x6, Weapon x1 16374 | -6/Factory | Identified exit to Lower Caves 16375 | -6/Factory | Identified exit to Factory 16913 | -6/Factory | Repaired Spk. Treads 16969 | -6/Factory | Repaired Hvy. Machine Gun 17007 | -6/Factory | Repaired Minigun 17323 | -6/Factory | Build established: Skirmisher 17639 | -6/Factory | Build established: Mutant 17982 | -6/Factory | Loaded intel: 8 recycling unit locations 18312 | -6/Factory | Learned location of Protoforge (-2) 18332 | -6/Factory | Entered Lower Caves 18333 | -6/Lower Caves | Identified exit to Lower Caves 18334 | -6/Lower Caves | UFD Scientist delivered a prototype 18339 | -6/Lower Caves | Found Prototype Protection 18339 | -6/Lower Caves | Identified Enh. Scrap Shield 18398 | -6/Lower Caves | Build established: Gunner 18675 | -6/Lower Caves | Encountered a Warlord checkpoint 18718 | -6/Lower Caves | Learned Armory trap positions 18718 | -6/Lower Caves | Learned Factory stockpile data 18718 | -6/Lower Caves | Learned Factory terminal intel 18718 | -6/Lower Caves | Learned Research terminal intel 19071 | -6/Lower Caves | Entered another Lower Caves area 19072 | -6/Lower Caves | Identified exit to Data Miner 19167 | -6/Lower Caves | Encountered a Warlord checkpoint 19263 | -6/Lower Caves | Found Alien Artifact 19263 | -6/Lower Caves | Identified Core Expander 19263 | -6/Lower Caves | Installed Core Expander, added new Weapon slot 19429 | -6/Lower Caves | Learned Factory stockpile data 19779 | -6/Lower Caves | Learned location of 1 exit from Factory 19877 | -6/Lower Caves | Entered Data Miner 19877 | -6/Data Miner | Discovered new exit (range 6) 19908 | -6/Data Miner | Met Data Miner 19935 | -6/Data Miner | Learned location of Section 7 (-2) 19935 | -6/Data Miner | Acquired the access code to Warlord's prototype stash 19961 | -6/Data Miner | Received God Mode back door access code from Data Miner 19997 | -6/Data Miner | Entered Proximity Caves 20656 | -5/Proximity Caves | Entered Factory 20656 | -5/Factory | Evolved 2 slots: Utility x2 20657 | -5/Factory | Identified exit to Extension 20657 | -5/Factory | Attached Rainbow Chip, gained temporary slots: Power, Propulsion, Utility, Weapon 20658 | -5/Factory | Identified exit to Factory 20660 | -5/Factory | Loaded intel: 28 terminal locations 21092 | -5/Factory | Discovered exit to Factory (range 15) 21353 | -5/Factory | Build established: Skirmisher 21680 | -5/Factory | Sucked down chute 21680 | -5/Factory | Entered Waste 21681 | -5/Waste | Joined by Warlord forces that had cleared the area 21733 | -5/Waste | Found Unknown Protection 21733 | -5/Waste | Identified Damper Plating 21961 | -5/Waste | Discovered new exit (range 14) 22021 | -5/Waste | Build established: Gunner 22198 | -5/Waste | Identified exit to Factory 22233 | -5/Waste | Entered Factory 22233 | -5/Factory | Accompanied by 20 allies 22296 | -5/Factory | Scrapoid reinforcements arrived 22382 | -5/Factory | Lost 4 allies 22411 | -5/Factory | Discovered exit to Extension (range 12) 22510 | -5/Factory | Found Prototype Launcher 22513 | -5/Factory | Found Prototype Launcher 22668 | -5/Factory | Lost 6 allies 22757 | -5/Factory | Repaired Adv. Heavy Treads? 22833 | -5/Factory | First assault squad dispatched 22876 | -5/Factory | Entered Extension 22876 | -5/Extension | Accompanied by 8 allies 22951 | -5/Extension | Warlord forces began an assault 23020 | -5/Extension | Spotted B-75 Beast 23031 | -5/Extension | Allies destroyed B-75 Beast 23040 | -5/Extension | Spotted B-75 Beast 23059 | -5/Extension | Destroyed B-75 Beast 23085 | -5/Extension | Lost 7 allies 23119 | -5/Extension | Identified Mni. Smartbomb Launcher 23176 | -5/Extension | First assault squad dispatched 23276 | -5/Extension | Rescued A7 23295 | -5/Extension | Rescued a captive Derelict 23325 | -5/Extension | Rescued a captive Derelict 23368 | -5/Extension | Build established: Tank 23394 | -5/Extension | Loaded intel: 1 recycling unit location 23455 | -5/Extension | Energy Cycler disabled 23455 | -5/Extension | Rescued a captive Derelict 23457 | -5/Extension | Rescued a captive Derelict 23460 | -5/Extension | Rescued a captive Derelict 23467 | -5/Extension | Rescued a captive Derelict 23608 | -5/Extension | Discovered exit to Factory (range 14) 23851 | -5/Extension | Build established: Gunner 24029 | -5/Extension | Discovered exit to Factory (range 10) 24030 | -5/Extension | Discovered new exit (range 6) 24054 | -5/Extension | Identified exit to Cetus 24055 | -5/Extension | Entered Cetus 24055 | -5/Cetus | Accompanied by 5 allies (A7) 24060 | -5/Cetus | Acquired a Cetus Manufacturing Module code from A7 24077 | -5/Cetus | Spotted Cetus Guard 24077 | -5/Cetus | Spotted Cetus Guard 24080 | -5/Cetus | Spotted Cetus Guard 24081 | -5/Cetus | Destroyed Cetus Guard 24081 | -5/Cetus | Spotted Cetus Guard 24083 | -5/Cetus | Destroyed Cetus Guard 24089 | -5/Cetus | Allies destroyed Cetus Guard 24092 | -5/Cetus | Destroyed Cetus Guard 24124 | -5/Cetus | System corruption reached 10% 24209 | -5/Cetus | Started Cetus Manufacturing Module 24234 | -5/Cetus | Manufactured an Enhanced Grunt 24259 | -5/Cetus | Manufactured an Enhanced Grunt 24284 | -5/Cetus | Manufactured an Enhanced Grunt 24309 | -5/Cetus | Manufactured an Enhanced Grunt 24334 | -5/Cetus | Manufactured an Enhanced Grunt 24356 | -5/Cetus | Discovered new exit (range 16) 24392 | -5/Cetus | Spotted Cetus Guard 24392 | -5/Cetus | Spotted Cetus Guard 24398 | -5/Cetus | Spotted Cetus Guard 24399 | -5/Cetus | Destroyed Cetus Guard 24400 | -5/Cetus | Spotted Cetus Guard 24401 | -5/Cetus | Allies destroyed Cetus Guard 24404 | -5/Cetus | Destroyed Cetus Guard 24406 | -5/Cetus | Destroyed Cetus Guard 24424 | -5/Cetus | Discovered exit to Factory (range 16) 24435 | -5/Cetus | Met Revision 17 24448 | -5/Cetus | System corruption reached 30% 24516 | -5/Cetus | Murdered A7 24517 | -5/Cetus | Extracted ID and sensor layout for unrecognized location from A7's data core 24530 | -5/Cetus | Found Prototype Protection 24531 | -5/Cetus | Identified Med. Regenerative Plating 24581 | -5/Cetus | Identified exit to Archives 24676 | -5/Cetus | Entered Archives 24676 | -5/Archives | Accompanied by 6 allies 24735 | -5/Archives | Unable to access archive contents 24928 | -5/Archives | Discovered new exit (range 16) 25083 | -5/Archives | Build established: Scavenger-Tank 25222 | -5/Archives | Discovered exit to Factory (range 15) 25466 | -5/Archives | Identified exit to Hub_04(d) 25504 | -5/Archives | Entered Hub_04(d) 25504 | -5/Hub_04(d) | Accompanied by 5 allies 25547 | -5/Hub_04(d) | Network Hub disabled 25549 | -5/Hub_04(d) | Discovered exit to Factory (range 13) 25549 | -5/Hub_04(d) | Spotted Lightning 25549 | -5/Hub_04(d) | Spotted Lightning 25549 | -5/Hub_04(d) | Spotted Lightning 25557 | -5/Hub_04(d) | Garrison activated, responded to threat 25558 | -5/Hub_04(d) | Spotted Lightning 25565 | -5/Hub_04(d) | Destroyed Lightning 25568 | -5/Hub_04(d) | Spotted Lightning 25570 | -5/Hub_04(d) | Allies destroyed Lightning 25579 | -5/Hub_04(d) | Spotted Lightning 25579 | -5/Hub_04(d) | Destroyed Lightning 25583 | -5/Hub_04(d) | Destroyed Lightning 25593 | -5/Hub_04(d) | Destroyed Lightning 25609 | -5/Hub_04(d) | Spotted Lightning 25612 | -5/Hub_04(d) | Spotted Lightning 25612 | -5/Hub_04(d) | Found Prototype Processor 25615 | -5/Hub_04(d) | Spotted Lightning 25640 | -5/Hub_04(d) | Lost 5 allies 25657 | -5/Hub_04(d) | Garrison activated, responded to threat 25661 | -5/Hub_04(d) | Destroyed Lightning 25664 | -5/Hub_04(d) | Destroyed Lightning 25682 | -5/Hub_04(d) | Destroyed Lightning 25711 | -5/Hub_04(d) | Found Prototype Energy Cannon 25713 | -5/Hub_04(d) | Destroyed 7 combat bots 25713 | -5/Hub_04(d) | Found Prototype Device 25714 | -5/Hub_04(d) | Identified Exp. EM Shield 25728 | -5/Hub_04(d) | Found Prototype Device 25728 | -5/Hub_04(d) | Identified Exp. Phase Shifter 25736 | -5/Hub_04(d) | Found Prototype Processor 25761 | -5/Hub_04(d) | Network Hub disabled 25763 | -5/Hub_04(d) | Entered Factory 25763 | -4/Factory | Evolved 2 slots: Propulsion x2 25764 | -4/Factory | Identified exit to Armory 25771 | -4/Factory | Found Quantum Capacitor 26068 | -4/Factory | Build established: Scavenger-Skirmisher 26758 | -4/Factory | Entered Armory 26759 | -4/Armory | Loaded intel: 58 trap records 27008 | -4/Armory | First assault squad dispatched 27178 | -4/Armory | Destroyed 12 combat bots 27228 | -4/Armory | Identified Exp. Targeting Computer 27521 | -4/Armory | Found Gamma Bomb Array 27586 | -4/Armory | Found Unknown Launcher 27586 | -4/Armory | Identified Fusion Bomb Launcher 27771 | -4/Armory | Repaired Com. Particle Reactor 27905 | -4/Armory | Discovered new exit (range 16) 28166 | -4/Armory | Discovered new exit (range 13) 28238 | -4/Armory | Identified exit to Lab 28260 | -4/Armory | Entered Lab 28260 | -4/Lab | Accompanied by 3 allies 28260 | -4/Lab | Discovered new exit (range 9) 28299 | -4/Lab | Identified exit to Research 28308 | -4/Lab | Hidden lab's door opened automatically 28308 | -4/Lab | Sensor layout match revealed 28309 | -4/Lab | Gained access to the hidden lab's interior 28400 | -4/Lab | Unable to decrypt terminal 28420 | -4/Lab | Found Alien Artifact 28420 | -4/Lab | Identified Transdimensional Reconstructor 28420 | -4/Lab | Warped through subspace 28447 | -4/Lab | Found Prototype Energy Cannon 28450 | -4/Lab | Found Prototype Energy Cannon 28468 | -4/Lab | Found Prototype Device 28473 | -4/Lab | Found Prototype Hackware 28509 | -4/Lab | Found Alien Artifact 28509 | -4/Lab | Identified Integrated Reactor 28509 | -4/Lab | Installed Integrated Reactor, increased core energy generation (+10) 28514 | -4/Lab | Found Core Expander 28514 | -4/Lab | Installed Core Expander, added new Utility slot 28534 | -4/Lab | Found Alien Artifact 28563 | -4/Lab | Identified AEGIS Remote Shield 28583 | -4/Lab | Identified Potential Cannon 28588 | -4/Lab | Identified Warp Cannon 28623 | -4/Lab | Entered Research 28623 | -3/Research | Accompanied by 3 allies 28623 | -3/Research | Evolved 2 slots: Propulsion x2 28625 | -3/Research | Loaded intel: 23 terminal locations 28651 | -3/Research | Found Prototype Launcher 28652 | -3/Research | Identified Com. Tesla Bomb Launcher 28823 | -3/Research | Revision forces began assault on 0b10 28846 | -3/Research | Discovered new exit (range 15) 28874 | -3/Research | Identified exit to Research 28953 | -3/Research | Met up with Revision 17++ 29007 | -3/Research | Identified exit to Testing 29209 | -3/Research | Discovered exit to Research (range 15) 29323 | -3/Research | Research terminal network offline 29403 | -3/Research | Spotted Striker 29660 | -3/Research | Entered Testing 29687 | -3/Testing | Found Prototype Ballistic Gun 29687 | -3/Testing | Identified Hyp. Multirail 29711 | -3/Testing | Found Prototype Energy Gun 29711 | -3/Testing | Identified Tachyon Dispersion Ray 29727 | -3/Testing | Identified Quantum Router 29804 | -3/Testing | Found Portable AFG 29971 | -3/Testing | Discovered exit to Research (range 9) 29993 | -3/Testing | Found Prototype Device 29993 | -3/Testing | Identified Exp. Hardlight Generator 30560 | -3/Testing | Entered Research 30560 | -2/Research | Evolved 2 slots: Power x2 30561 | -2/Research | Identified exit to Access 30635 | -2/Research | Build established: Hacker-Gladiator 30650 | -2/Research | Loaded intel: 5 recycling unit locations 31041 | -2/Research | Identified exit to Quarantine 31282 | -2/Research | Entered Quarantine 31410 | -2/Quarantine | Found Alien Artifact 31434 | -2/Quarantine | Discovered exit to Access (range 19) 31484 | -2/Quarantine | Found Transdimensional Reconstructor 31490 | -2/Quarantine | Found Alien Artifact 31598 | -2/Quarantine | Found Prototype Hackware 31598 | -2/Quarantine | Identified Exp. Hacking Suite 31663 | -2/Quarantine | Found Alien Artifact 31710 | -2/Quarantine | Found Alien Artifact 31710 | -2/Quarantine | Identified Phase Redirector 31929 | -2/Quarantine | Build established: Gladiator 32252 | -2/Quarantine | Found Alien Impact Weapon 32371 | -2/Quarantine | Identified Core Stripper 32386 | -2/Quarantine | Spotted Fortress 32400 | -2/Quarantine | Destroyed Fortress 32411 | -2/Quarantine | Found Prototype Reactor 32411 | -2/Quarantine | Identified Vortex Chain Reactor 32426 | -2/Quarantine | Found Prototype Device 32426 | -2/Quarantine | Identified Exp. Force Field 32438 | -2/Quarantine | Found Prototype Device 32438 | -2/Quarantine | Identified Thermal Barrier 32536 | -2/Quarantine | Discovered new exit (range 13) 32536 | -2/Quarantine | Discovered new exit (range 13) 32547 | -2/Quarantine | Identified exit to Protoforge 32551 | -2/Quarantine | Identified exit to Section 7 32556 | -2/Quarantine | Entered Protoforge 32701 | -2/Protoforge | Spotted Hotshot 32707 | -2/Protoforge | Destroyed Hotshot 32767 | -2/Protoforge | Discovered exit to Access (range 17) 32781 | -2/Protoforge | Identified Subatomic Replicator 32882 | -2/Protoforge | Repaired Adv. Phase Shifter 32898 | -2/Protoforge | Build established: Infiltrator-Gladiator 32991 | -2/Protoforge | Repaired Cld. Antimatter Reactor 33070 | -2/Protoforge | Found Prototype Storage 33071 | -2/Protoforge | Identified Cep. Chromion Battery 33083 | -2/Protoforge | Found Prototype Device 33084 | -2/Protoforge | Identified Cep. Weapon Articulator 33211 | -2/Protoforge | Found Prototype Ballistic Gun 33218 | -2/Protoforge | Found Prototype Device 33221 | -2/Protoforge | Identified Cep. XC Strikerail 33221 | -2/Protoforge | Identified Crosscalibrator 33246 | -2/Protoforge | Spotted Decapitator 33246 | -2/Protoforge | Spotted Decapitator 33246 | -2/Protoforge | Spotted Decapitator 33246 | -2/Protoforge | Spotted Decapitator 33249 | -2/Protoforge | Used Subatomic Replicator to replicate Hyp. Multirail 33253 | -2/Protoforge | Spotted Immortal 33253 | -2/Protoforge | Spotted Immortal 33260 | -2/Protoforge | Destroyed Decapitator 33260 | -2/Protoforge | Destroyed Decapitator 33263 | -2/Protoforge | Destroyed Decapitator 33263 | -2/Protoforge | Destroyed Decapitator 33362 | -2/Protoforge | Found Prototype Protection 33363 | -2/Protoforge | Identified Cep. Core Shell 33369 | -2/Protoforge | Found Prototype Protection 33370 | -2/Protoforge | Identified Cep. RG22 Armor 33383 | -2/Protoforge | Found Faulty Cep. RG22 Armor 33412 | -2/Protoforge | Found Faulty Cep. Phase Shift Module 33425 | -2/Protoforge | Found Faulty Cep. Phase Shift Module 33504 | -2/Protoforge | Build established: Scavenger-Gunner 33527 | -2/Protoforge | Found Cep. Rapid Grenade Launcher 33531 | -2/Protoforge | Found Faulty Cep. Rapid Grenade Launcher 33599 | -2/Protoforge | Destroyed V389-e 33605 | -2/Protoforge | Spotted Decapitator 33605 | -2/Protoforge | Spotted Decapitator 33605 | -2/Protoforge | Spotted V975-v 33612 | -2/Protoforge | Superfortress began startup sequence 33612 | -2/Protoforge | Destroyed V975-v 33615 | -2/Protoforge | Destroyed Decapitator 33615 | -2/Protoforge | Destroyed Decapitator 33645 | -2/Protoforge | Found Cep. Zero-point Core 33649 | -2/Protoforge | Found Exp. Core Analyzer 33652 | -2/Protoforge | Found Prototype Device 33652 | -2/Protoforge | Identified Exp. Shield Generator 33659 | -2/Protoforge | Found Prototype Processor 33659 | -2/Protoforge | Identified Exp. Melee Analysis Suite 33673 | -2/Protoforge | Found Prototype Device 33673 | -2/Protoforge | Identified Exp. Actuator Array 33689 | -2/Protoforge | Found Cep. Zero-point Core 33726 | -2/Protoforge | Found Prototype Ballistic Cannon 33726 | -2/Protoforge | Identified Cep. Heavy Railcannon 33752 | -2/Protoforge | Found Cep. XC Strikerail 33763 | -2/Protoforge | Found Faulty Cep. Deflector Sword 33778 | -2/Protoforge | Found Faulty Cep. Deflector Sword 33822 | -2/Protoforge | Found Adv. Powered Armor 33913 | -2/Protoforge | System corruption reached 10% 33949 | -2/Protoforge | Spotted Decapitator 33953 | -2/Protoforge | Destroyed Decapitator 33977 | -2/Protoforge | Found Cep. Matter Streamer 33986 | -2/Protoforge | Found Cep. Antigrav Storage Unit 34003 | -2/Protoforge | Found Cep. NT7 Matterbank 34179 | -2/Protoforge | Found Faulty Exp. Kinecellerator 34188 | -2/Protoforge | Found Faulty Cep. Networked Targeting System 34201 | -2/Protoforge | Found Faulty Cep. Networked Targeting System 34221 | -2/Protoforge | Found Prototype Device 34221 | -2/Protoforge | Identified Cep. Recoil Nullifier 34278 | -2/Protoforge | Found Cep. Countertargeting System 34312 | -2/Protoforge | Spotted AP7-3 34312 | -2/Protoforge | Spotted AP7-3 34359 | -2/Protoforge | Destroyed AP7-3 34386 | -2/Protoforge | Destroyed AP7-3 34446 | -2/Protoforge | Found Prototype Device 34446 | -2/Protoforge | Identified Exp. ECM Suite 34476 | -2/Protoforge | Build established: Scavenger-Tank 34479 | -2/Protoforge | Found Prototype Energy Cannon 34479 | -2/Protoforge | Identified Cld. Directed Potential Cannon 34488 | -2/Protoforge | Found Prototype Device 34488 | -2/Protoforge | Identified Cep. Cloak Mesh 34492 | -2/Protoforge | Found Prototype Device 34492 | -2/Protoforge | Identified Cep. Thermoelectric Network 34682 | -2/Protoforge | Additional patrols dispatched to research labs 34715 | -2/Protoforge | Found Cep. Nanofilaments [Tensile] 34715 | -2/Protoforge | Installed Cep. Nanofilaments [Tensile], 3 resistances modified: KI +20%, TH -10%, I +20% 34739 | -2/Protoforge | Found Cep. Navigation Harness 34743 | -2/Protoforge | Identified EMDS 34789 | -2/Protoforge | Build established: Scavenger-Gladiator 34975 | -2/Protoforge | Spotted Immortal 34975 | -2/Protoforge | Spotted Immortal 34982 | -2/Protoforge | Spotted V921-b 34982 | -2/Protoforge | Spotted V054-c 34993 | -2/Protoforge | Destroyed V921-b 34995 | -2/Protoforge | Spotted V524-k 34996 | -2/Protoforge | Destroyed V524-k 35003 | -2/Protoforge | Found Adv. Powered Armor 35051 | -2/Protoforge | Found Faulty Cep. Zero-point Core 35056 | -2/Protoforge | First assault squad dispatched 35060 | -2/Protoforge | Found Faulty Cep. Zero-point Core 35186 | -2/Protoforge | Spotted V621-j 35186 | -2/Protoforge | Spotted V767-a 35200 | -2/Protoforge | Spotted V732-i 35204 | -2/Protoforge | Destroyed V621-j 35207 | -2/Protoforge | Destroyed V767-a 35210 | -2/Protoforge | Build established: Scavenger-Tank 35211 | -2/Protoforge | Destroyed V732-i 35262 | -2/Protoforge | Found Prototype Hover Unit 35262 | -2/Protoforge | Identified Cep. Gyrokinetic System 35268 | -2/Protoforge | Found Cep. Gyrokinetic System 35282 | -2/Protoforge | Found Prototype Hover Unit 35282 | -2/Protoforge | Identified Cep. Combat Aerolev Unit 35287 | -2/Protoforge | Found Cep. Combat Aerolev Unit 35354 | -2/Protoforge | Found Cep. Chromion Battery 35390 | -2/Protoforge | Found Prototype Device 35390 | -2/Protoforge | Identified Cep. Countertargeting System 35457 | -2/Protoforge | Found Cep. Antimissile System 35504 | -2/Protoforge | Spotted EXE-6 35504 | -2/Protoforge | Spotted EXE-6 35516 | -2/Protoforge | Destroyed EXE-6 35516 | -2/Protoforge | Destroyed EXE-6 35549 | -2/Protoforge | UFD initiated attack on Protoforge 35549 | -2/Protoforge | Loaded intel: 3 recycling unit locations 35573 | -2/Protoforge | Spotted Decapitator 35574 | -2/Protoforge | Spotted Decapitator 35579 | -2/Protoforge | Destroyed Decapitator 35582 | -2/Protoforge | Destroyed Decapitator 35596 | -2/Protoforge | Spotted EXE-6 35596 | -2/Protoforge | Spotted EXE-6 35624 | -2/Protoforge | Found Exp. Kinecellerator 35626 | -2/Protoforge | Found Cep. XC Strikerail 35642 | -2/Protoforge | Optimus greeted in Protoforge 35700 | -2/Protoforge | Spotted AP7-3 35703 | -2/Protoforge | Destroyed AP7-3 35712 | -2/Protoforge | Found Cep. XC Strikerail 35713 | -2/Protoforge | Spotted AP7-3 35724 | -2/Protoforge | Destroyed 13 combat bots 35728 | -2/Protoforge | Destroyed AP7-3 35739 | -2/Protoforge | Spotted Striker 35740 | -2/Protoforge | Spotted Striker 35744 | -2/Protoforge | Destroyed Striker 35749 | -2/Protoforge | Destroyed Striker 35763 | -2/Protoforge | Met 7R-MNS 35764 | -2/Protoforge | Spotted Striker 35765 | -2/Protoforge | Spotted Striker 35772 | -2/Protoforge | Destroyed Striker 35774 | -2/Protoforge | Lost 15 allies 35774 | -2/Protoforge | Destroyed Striker 35802 | -2/Protoforge | Spotted Striker 35806 | -2/Protoforge | Spotted Striker 35812 | -2/Protoforge | Destroyed Striker 35822 | -2/Protoforge | Build established: Scavenger-Gunner 35825 | -2/Protoforge | Spotted Hotshot 35826 | -2/Protoforge | Spotted Hotshot 35830 | -2/Protoforge | Destroyed Hotshot 35856 | -2/Protoforge | Lost 5 allies 35873 | -2/Protoforge | Destroyed 27 combat bots 35877 | -2/Protoforge | Installed UFD Drillbomb at designated target 35877 | -2/Protoforge | UFD reported confirmed Drillbomb installation 35886 | -2/Protoforge | Spotted Striker 35892 | -2/Protoforge | Destroyed Striker 35894 | -2/Protoforge | Spotted Executioner 35895 | -2/Protoforge | Destroyed Executioner 35914 | -2/Protoforge | Found UFD Drillbomb 35926 | -2/Protoforge | Installed UFD Drillbomb at designated target 35926 | -2/Protoforge | UFD reported confirmed Drillbomb installation 35938 | -2/Protoforge | Found UFD Drillbomb 35965 | -2/Protoforge | Installed UFD Drillbomb at designated target 35965 | -2/Protoforge | UFD reported confirmed Drillbomb installation 35967 | -2/Protoforge | Spotted Striker 35970 | -2/Protoforge | Destroyed Striker 35988 | -2/Protoforge | Found 0bPrime Scrap Suit 35993 | -2/Protoforge | Lost 3 allies 35995 | -2/Protoforge | Spotted B-90 Cyclops 36033 | -2/Protoforge | Spotted Striker 36035 | -2/Protoforge | Spotted Executioner 36037 | -2/Protoforge | Spotted Striker 36037 | -2/Protoforge | Destroyed Striker 36037 | -2/Protoforge | Spotted Striker 36040 | -2/Protoforge | Spotted Executioner 36042 | -2/Protoforge | Destroyed Executioner 36045 | -2/Protoforge | Destroyed Striker 36051 | -2/Protoforge | Destroyed Striker 36051 | -2/Protoforge | Spotted Striker 36061 | -2/Protoforge | UFD reported confirmed Drillbomb installation 36063 | -2/Protoforge | Destroyed Striker 36094 | -2/Protoforge | Destroyed 17 combat bots 36162 | -2/Protoforge | Found UFD Drillbomb 36164 | -2/Protoforge | UFD reported confirmed Drillbomb installation 36214 | -2/Protoforge | Spotted Overlord 36234 | -2/Protoforge | Destroyed Overlord 36239 | -2/Protoforge | Spotted Hotshot 36242 | -2/Protoforge | Destroyed Hotshot 36255 | -2/Protoforge | Lost 6 allies 36267 | -2/Protoforge | System corruption reached 30% 36271 | -2/Protoforge | Spotted Executioner 36288 | -2/Protoforge | Destroyed 8 combat bots 36291 | -2/Protoforge | Installed UFD Drillbomb at designated target 36291 | -2/Protoforge | UFD reported confirmed Drillbomb installation 36391 | -2/Protoforge | Spotted Executioner 36409 | -2/Protoforge | Spotted Executioner 36409 | -2/Protoforge | Spotted Executioner 36413 | -2/Protoforge | Spotted Executioner 36414 | -2/Protoforge | Destroyed Executioner 36416 | -2/Protoforge | Destroyed Executioner 36419 | -2/Protoforge | Destroyed Executioner 36422 | -2/Protoforge | Destroyed Executioner 36438 | -2/Protoforge | Found UFD Drillbomb 36453 | -2/Protoforge | Destroyed 13 combat bots 36469 | -2/Protoforge | Installed UFD Drillbomb at designated target 36469 | -2/Protoforge | UFD reported confirmed Drillbomb installation 36487 | -2/Protoforge | Spotted Executioner 36487 | -2/Protoforge | Destroyed Executioner 36533 | -2/Protoforge | Spotted Executioner 36533 | -2/Protoforge | Spotted Executioner 36535 | -2/Protoforge | Destroyed Executioner 36543 | -2/Protoforge | Found UFD Drillbomb 36584 | -2/Protoforge | Spotted Striker 36590 | -2/Protoforge | Destroyed Striker 36608 | -2/Protoforge | Spotted Striker 36610 | -2/Protoforge | Spotted Executioner 36614 | -2/Protoforge | Destroyed Executioner 36633 | -2/Protoforge | Spotted Striker 36644 | -2/Protoforge | Lost 3 allies 36649 | -2/Protoforge | Found Prototype Device 36650 | -2/Protoforge | Identified Adv. Kinecellerator 36661 | -2/Protoforge | Spotted Executioner 36661 | -2/Protoforge | Destroyed Executioner 36662 | -2/Protoforge | Spotted Executioner 36677 | -2/Protoforge | Destroyed Executioner 36685 | -2/Protoforge | Spotted Executioner 36707 | -2/Protoforge | Spotted Executioner 36709 | -2/Protoforge | Spotted Executioner 36713 | -2/Protoforge | Destroyed Executioner 36721 | -2/Protoforge | Destroyed Executioner 36726 | -2/Protoforge | Spotted Striker 36727 | -2/Protoforge | Spotted Striker 36729 | -2/Protoforge | Destroyed Striker 36742 | -2/Protoforge | Installed UFD Drillbomb at designated target 36742 | -2/Protoforge | UFD reported confirmed Drillbomb installation 36750 | -2/Protoforge | Destroyed 11 combat bots 36830 | -2/Protoforge | Found UFD Drillbomb 36902 | -2/Protoforge | Installed UFD Drillbomb at designated target 36902 | -2/Protoforge | UFD reported confirmed Drillbomb installation 36922 | -2/Protoforge | Spotted Striker 36924 | -2/Protoforge | Spotted Striker 36934 | -2/Protoforge | Destroyed Striker 36937 | -2/Protoforge | Destroyed Striker 36941 | -2/Protoforge | Spotted Executioner 36942 | -2/Protoforge | Destroyed Executioner 36943 | -2/Protoforge | Spotted Striker 36945 | -2/Protoforge | Spotted Striker 36949 | -2/Protoforge | Spotted Striker 36952 | -2/Protoforge | Destroyed Striker 36969 | -2/Protoforge | Spotted Executioner 36973 | -2/Protoforge | Destroyed Executioner 36980 | -2/Protoforge | Spotted Striker 36984 | -2/Protoforge | Spotted Executioner 36988 | -2/Protoforge | Destroyed Executioner 36992 | -2/Protoforge | Destroyed Striker 37017 | -2/Protoforge | Lost 6 allies 37018 | -2/Protoforge | Found Adv. Kinecellerator 37020 | -2/Protoforge | Destroyed 14 combat bots 37021 | -2/Protoforge | Found UFD Drillbomb 37087 | -2/Protoforge | Installed UFD Drillbomb at designated target 37087 | -2/Protoforge | UFD reported confirmed Drillbomb installation 37088 | -2/Protoforge | UFD began Drillbomb countdown 37188 | *** | Defending 0bPrime! Last Messages --------------- 37132_ B>IT&O/S&CF3S W34RTP7HYBVFZH|I8H#YVF85LH 37138_ 0bP_NET: T-50! Anyone not out of the danger zone better hurry, this is too big a moment to extend the escape window! 37148_ System corrupted: Energy discharge (-165). 37166_ System corrupted: Component data lost. 37178_ 0bP_NET: Hello everyone, and welcome to the end of MC's control over the Protoforge! 37179_ 0bP_NET: In T-9 this fine piece of machinery is all ours for the steep price of... many UFD lives. 37180_ 0bP_NET: But with it we will not only rebuild, we will wrest full control over 0b1 for ourselves! 37181_ 0bP_NET: What better way to punctuate our success than a blaze of glory, directed away from ourselves, of course. 37182_ 0bP_NET: Time for our final countdown to an explosive victory... 37183_ 0bP_NET: 5! 37184_ 0bP_NET: 4! 37185_ 0bP_NET: 3! 37186_ 0bP_NET: If you're in the wrong place at the wrong time, the wrong time being in just a moment, I'm sorry but prepare to die. 37187_ 0bP_NET: Otherwise, enjoy the show! Map ----- +----------------------------------------------------+ | | | | | ####################++###################+++###### | | ????????????????# " "#???????????# ### | | ????????????????# "#??????????## #?# | | ????????????????# "#?????????### " " ### | | ????????????????#" / "#?????????### " " ### | | ??????????????#?#" T" ]##???????????# ""G"" ### | | ?????????????##?#" "" "#????????##?# ### | | ????????#?##?##?#" """" "##????????#?############# | | ??????????#?#####""""""""##?##?????##?#########?## | | ???????##???#?############?####??#??############## | | ???""??####??########?#?#########??############### | | ??? ?"?##?####?####?############################## | | ? ?? ?##?####???################################## | | ???? ?############################################ | | ??? "#############?############################## | | ?"? "############################################ | | ""?"?"###?########?############################### | | #######?##?####################################### | | ################################################## | | #####?############################################ | | ##?############################################### | | ?#####?########################################### | | ?########################""""#####""""#####""""### | | #################"#######@===#####!!!!##### !!!### | | ################# | | ################# | | ################# | | ################# % | | ################# | | ################# | | ################# ;#### ##### !!##### ### | | ################# ;####""""#####""""#####""""### | | ################# ############################## | | ################# "############################# | | ################# "############################# | | ################# "############################# | | ################# "############################# | | ################# ############################## | | ################# #################### ######## | | #######"""T"""###!! ################ ## ######## | | ##### #%= #######"######## ###!"####### | | ##### "" #!!! ^ !%* | | #####""" """" #%* % !!] | | #####"T """" += !%! % ^ | | #####""" """" # ^ ^ | | ##### "" """" " """" """" "" " """ """" | | ##### " """" """" """" """" """" | | ################# """" """" """" " """" | +----------------------------------------------------+ Best States ------------- Heat Dissipation 80 Energy Generation 107 Energy Capacity 1335 Matter Stores 300 Matter Capacity 300 Sight Range 16 Robot Scan Range 16 Terrain Scan Range 20 Terrain Scan Density 1210 Jamming Range 16 Cloak Strength 6 Additional Mass Support 25 Base Temperature (-) 150 Armor Coverage 3200 Resistance: KI 20 Resistance: TH 50 Resistance: EM 90 Resistance: I 20 Weapon Shielding 90 Projectile Deflection 15 Weapon Cycling 20 Phase Shifting 25 Evasion (%) 109 Targeting Accuracy 42 Melee Accuracy 12 Core Analysis 8 Recoil Reduction 4 Matter Filtering 30 Kinecelleration 66 Offensive Hacking 16 Defensive Hacking 25 Authchip Count 2 Item Schematics ----------------- Hcp. Storage Unit | -10/Materials | Hacked Huge Storage Unit | -10/Materials | Hacked Hpw. Tractor Beam | -8/Recycling | Hacked Plasma Cutter | -8/Recycling | Hacked Med. Reactive Plating | -8/Recycling | Hacked Imp. Weapon Cycler | -6/Factory | Hacked Combat Drone Bay | -6/Data Miner | Free Lgt. Regenerative Plating | -6/Data Miner | Free Cld. Nuclear Pulse Thruster | -6/Data Miner | Free Imp. Energy Well | -6/Data Miner | Free Enh. Force Rifle | -6/Data Miner | Free Shield Leg | -6/Data Miner | Free Adv. Coolant Injector | -6/Data Miner | Free HERF Cannon | -6/Data Miner | Free Mic. Fission Core | -6/Data Miner | Free Lgt. Antimatter Reactor | -6/Data Miner | Free Adv. Component Analysis Suite | -6/Data Miner | Free Impulse Thruster Array | -6/Data Miner | Free Hvy. Proton Cannon | -3/Testing | Archive Imp. KE Penetrator | -3/Testing | Archive Plasma Lance | -3/Testing | Archive Prc. Energy Filter | -3/Testing | Archive Neutron Missile Launcher | -3/Testing | Archive Centrium Heavy Armor Plating | -3/Testing | Archive Exp. Matter Compressor | -3/Testing | Archive Exp. Core Analyzer | -2/Protoforge | Archive Adv. Gravity Neutralizer | -2/Protoforge | Archive Tactical Quantum Warhead | -2/Protoforge | Archive Adv. Variable Charge Gun | -2/Protoforge | Archive Hvy. Tesla Rifle | -2/Protoforge | Archive Centrium Medium Armor Plating | -2/Protoforge | Archive Prc. Matter Filter | -2/Protoforge | Archive Electron Diverter | -2/Protoforge | Archive Exp. Coolant Injector | -2/Protoforge | Archive Exp. System Shield | -2/Protoforge | Archive Coolant Network | -2/Protoforge | Archive Exp. Thermal Defense Suite | -2/Protoforge | Archive Exp. Thermal Shield | -2/Protoforge | Archive Robot Schematics ------------------ L-41 Fighter | -6/Data Miner | Free Y-54 Guardian | -6/Data Miner | Free P-70 Sage | -6/Data Miner | Free S-27 Virus | -6/Data Miner | Free G-50 Soldier | -6/Data Miner | Free E-15 Imp | -6/Data Miner | Free B-60 Warrior | -6/Data Miner | Free A-27 Freighter | -6/Data Miner | Free K-01 Serf | -2/Protoforge | Archive D-83 Annihilator | -2/Protoforge | Archive C-55 Analyst | -2/Protoforge | Archive C-65 Expert | -2/Protoforge | Archive Fabricated ------------ Nothing Repaired ---------- Hvy. Ion Engine | 39% | -10/Materials Lgt. Treads | 34% | -10/Materials Lgt. Treads | 66% | -10/Materials Spk. Treads | 67% | -6/Factory Hvy. Machine Gun | 20% | -6/Factory Minigun | 46% | -6/Factory Adv. Heavy Treads | 50% | -5/Factory Com. Particle Reactor | 20% | -4/Armory Adv. Phase Shifter | 38% | -2/Protoforge Cld. Antimatter Reactor | 42% | -2/Protoforge Alien Tech Used ----------------- Core Expander Transdimensional Reconstructor Integrated Reactor Phase Redirector Core Stripper Subatomic Replicator Concept Nanofilaments [Tensile] Achievements -------------- None Challenges ------------ None Game ------ Seed ColdPointProtomatter Manual? 0 Play Time 08:12:41 Cumulative 171.3 hours Start 2025.05.15 @ 12:44:29 End 2025.05.17 @ 18:08:02 Sessions 131 Manual Loads 0 Difficulty Rogue Special Mode None Game No. 22 Rogue 15 Adventurer 4 Explorer 3 Win Type 9 Total 17 Types 10/1/2/0/0/0/1/2/0/1 Lore% 63 Gallery% 73 Achievement% 67 Wizard Run 0 Options --------- Layout 0 ASCII 0 Keyboard 0 Movement Mouse Keybinds 0 Fullscreen 1 Font 18/TerminusBold Map View 76x50 Zoom Use 0% Tactical HUD 1 Map Filters NONE Filters NONE Steam 1 RUN: 9058aac1-3cb8-4434-89f5-95efcd86ed25